 Dungeon Crawl Stone Soup version 0.31-a0-37-g98a128e1d9 (webtiles) character file.

Game seed: 5587468681855027405

314047 scionoferis the Eclecticist (level 22, 0/165 HPs)
             Began as a Djinni Conjurer on May 13, 2023.
             Was the Champion of Makhleb.
             Shot with a bolt by an orc warlord (25 damage)
             ... on level 1 of the Vaults on May 15, 2023.
             The game lasted 04:12:40 (49127 turns).

scionoferis the Eclecticist (Djinni Conjurer)      Turns: 49127, Time: 04:12:41

Health: 0/165      AC: 11    Str:  8    XL:     22   Next: 29%
Gold:   2181       EV: 23    Int: 27    God:    Makhleb [******] SH: 19 Dex: 14

rFire   + + .        V - +4 demon trident (elec)
rCold   + . .        o - +2 kite shield {rC+}
rNeg    + + .        B - +2 leather armour {Will+}
rPois   ∞            b - +1 hat of Tartarus {rElec rN++ Will- SInv}
rElec   +            O - +2 cloak {Will+}
rCorr   .            U - +0 pair of gloves
SInv    +            (boots unavailable)
Will    +++..        k - amulet of reflection
Stlth   ++++         F - ring of protection from cold
HPRegen 0.47/turn    d - +5 ring of evasion
MPRegen 0.00/turn

%: reflection, infuse magic (-1 HP)
@: flying, studying Dodging
A: sickness immunity, fire resistance 2, cold vulnerability 1, float, innate
caster, HP casting, extra vitality 1
}: 2/15 runes: barnacled, gossamer
a: Renounce Religion, Minor Destruction, Lesser Servant of Makhleb, Major
Destruction, Greater Servant of Makhleb


You were on level 1 of the Vaults.
You worshipped Makhleb.
Makhleb was exalted by your worship.
You visited 8 branches of the dungeon, and saw 35 of its levels.
You also visited: Ice Cave.

You collected 4321 gold pieces.
You spent 2140 gold pieces at shops.


Innate Abilities, Weirdness & Mutations

You are immune to sickness and miasma.
You are immune to poison.
Your flesh is very heat resistant. (rF++)
You are vulnerable to cold. (rC-)
You float through the air rather than walking.
You learn spells naturally, not from books.
Your magical power is your life essence.
You have superior vitality. (+4 MHP)


   Skills:
 + Level 16.4 Fighting
 - Level 5.0 Armour
 - Level 18.0 Dodging
 - Level 10.0 Stealth
 + Level 12.3 Shields
 * Level 20.5 Spellcasting
 - Level 12.0 Evocations


You knew the following spells:

 Your Spells              Type           Power      Damage    Failure   Level
a - Magic Dart            Conj           100%       1d8       0%          1
b - Searing Ray           Conj           100%       2d8       0%          2
c - Dazzling Flash        Conj/Hex       100%       N/A       0%          3
d - Fulminant Prism       Conj/Hex       47%        3d21      0%          4
e - Iskenderun's Mystic   Conj/Tloc      95%        2d18      0%          4
f - Summon Small Mammal   Summ           100%       N/A       0%          1
g - Scorch                Fire           100%       2d9       0%          2
h - Lesser Beckoning      Tloc           100%       N/A       0%          2
i - Cause Fear            Hex            47%        N/A       0%          4
j - Silence               Hex/Air        47%        N/A       1%          5
k - Freezing Cloud        Conj/Ice/Air   47%        6-21      1%          5
l - Simulacrum            Ice/Necr       47%        N/A       1%          6
m - Conjure Ball Lightni  Conj/Air       47%        3x3d16    1%          6
n - Iron Shot             Conj/Erth      47%        9d9       1%          6
o - Infestation           Necr           47%        N/A       9%          8
Your spell library was empty.

Inventory:

Hand Weapons
 V - a +4 demon trident of electrocution (weapon)
   (You took it off a merfolk impaler on level 3 of the Shoals)
Missiles
 c - 3 throwing nets
 w - 43 poisoned darts
 I - 20 javelins
 K - a curare-tipped dart
 M - 39 boomerangs
Armour
 b - the +1 hat of Tartarus (worn) {rElec rN++ Will- SInv}
   (You found it in an ice cave)

   rElec:     It insulates you from electricity.
   rN:        It greatly protects you from negative energy.
   SInv:      It lets you see invisible.
   Will:      It decreases your willpower.
 o - a +2 kite shield of cold resistance (worn)
   (You found it in an ice cave)
 B - a +2 leather armour of willpower (worn)
   (You bought it in a shop on level 1 of the Orcish Mines)
 O - a +2 cloak of willpower (worn)
   (You bought it in a shop on level 1 of the Elven Halls)
 U - a +0 pair of gloves (worn)
   (You found it on level 11 of the Dungeon)
Magical Staves
 x - the staff of death "Rebiakad" {rC+ rN+ Int+4 Dex+2}
   (You found it on level 3 of the Elven Halls)

   [staff of death]

   Your inability to study Necromancy prevents you from drawing on the full
   power of this staff in melee.
   Base accuracy: +5 Base damage: 5 Base attack delay: 1.2 This weapon's minimum
   attack delay (0.6) is reached at skill level 12.
   Int:       It affects your intelligence (+4).
   Dex:       It affects your dexterity (+2).
   rC:        It protects you from cold.
   rN:        It protects you from negative energy.
   It falls into the 'Staves' category.
   It is a one-handed weapon.
Jewellery
 d - a +5 ring of evasion (right hand)
   (You bought it in a shop on level 10 of the Dungeon)
 k - an amulet of reflection (around neck)
   (You took it off an orc on level 8 of the Dungeon)
 u - a ring of protection from cold
   (You found it on level 1 of the Shoals)
 F - a ring of protection from cold (left hand)
   (You found it in an ice cave)
 J - a ring of resist corrosion
   (You found it on level 8 of the Dungeon)
Wands
 j - a wand of iceblast (18)
   (You found it on level 10 of the Dungeon)
 t - a wand of digging (6)
   (You took it off a deep elf archer on level 3 of the Elven Halls)
 v - a wand of mindburst (6)
   (You found it on level 3 of the Shoals)
 y - a wand of acid (17)
   (You found it on level 5 of the Dungeon)
 H - a wand of charming (39)
   (You found it on level 8 of the Dungeon)
Scrolls
 g - 4 scrolls of blinking
 m - 14 scrolls of teleportation
 q - a scroll of immolation
 r - 9 scrolls of fear
 C - 5 scrolls of magic mapping
 E - 3 scrolls of fog
 L - 4 scrolls of poison
 Q - 5 scrolls of vulnerability
 T - 5 scrolls of summoning
Potions
 e - 6 potions of might
 f - 7 potions of resistance
 h - 6 potions of cancellation
 i - 9 potions of mutation
 l - 8 potions of haste
 n - 11 potions of heal wounds
 D - 6 potions of brilliance
 G - 17 potions of curing
 P - 5 potions of invisibility
Miscellaneous
 R - a phantom mirror
   (You found it on level 2 of the Lair of Beasts)
 Y - a lightning rod (4/4)
   (You found it on level 4 of the Shoals)

Dungeon Overview and Level Annotations

Branches:
Dungeon (15/15)            Temple (1/1) D:7            Lair (5/5) D:9
 Shoals (4/4) Lair:3       Spider (4/4) Lair:3        Slime (0/5) Lair:5
    Orc (2/2) D:9             Elf (3/3) Orc:2        Vaults (1/5) D:14
 Depths (0/4) D:15          IceCv (visited)

Altars:
Ashenzari
Cheibriados
Dithmenos
Elyvilon
Fedhas
Gozag
Hepliaklqana
Makhleb
Nemelex Xobeh
Okawaru
Qazlal
Ru
Trog
Uskayaw
Wu Jian
Xom
Yredelemnul
Zin
The Shining One

Shops:
D:4 !   D:10 *   D:12 *   Orc:1 [!   Orc:2 ((([(   Elf:1 [([   Elf:2 [:[*?
Shoals:1 **   Shoals:4 [

Portals:
Hell: Lair:5
Abyss: Lair:2

Annotations:
Lair:2 and dig for spriggan vault
Elf:3 2 exclusions

#.........[.##.##..
########'§####.##..
#......# #.....
#......####+#'##
#......#......#. ###
#......'......'. .#..#
#......#......#.
+....###......#......#.
#...@#......#......#.
###..'.G....#......#.
####o*....#......#.
########...)..#.
#......#. #########


You could see an orc warlord (ally target), a great orb of eyes and a friendly
fulminant prism.


Message History

Press: ? - help, Q - select action, (/) - cycle Shift-Dir - straight line, f - you
Okay, then.
The deep elf knight gestures wildly while chanting.
The deep elf knight seems to speed up.
Aiming: Iron Shot (mildly dangerous; 1% risk of failure)
Press: ? - help, Q - select action, (/) - cycle Shift-Dir - straight line, f - deep elf knight
Aim: a deep elf knight, wielding a +0 shortbow (fast, slightly transparent, 58% to hit)
The iron shot hits the deep elf knight!!!
The deep elf knight is almost dead.
The deep elf knight shoots an arrow.
You block the arrow with an invisible shield... and reflect it back!
The arrow closely misses the deep elf knight.
The deep elf knight shoots an arrow.
You block the arrow with an invisible shield... and reflect it back!
The arrow misses the deep elf knight.
Unknown command.
Aiming: Iron Shot (mildly dangerous; 1% risk of failure)
Press: ? - help, Q - select action, (/) - cycle Shift-Dir - straight line, f/p - deep elf knight
Aim: a deep elf knight, wielding a +0 shortbow (almost dead, fast, slightly transparent, 58% to hit)
The iron shot hits the deep elf knight!!!
You kill the deep elf knight!
Makhleb accepts your kill.
You feel better.
Your phantom mirror has recharged.
A deep elf knight is nearby!
Aiming: Iron Shot (mildly dangerous; 1% risk of failure)
Press: ? - help, Q - select action, (/) - cycle Shift-Dir - straight line, f - deep elf knight
Aim: a deep elf knight, wielding a +0 scimitar (wandering, hasn't noticed you, 58% to hit)
The iron shot misses the deep elf knight.
The deep elf knight shouts!
The deep elf knight gestures wildly while chanting.
The deep elf knight seems to speed up.
Aiming: Iron Shot (mildly dangerous; 1% risk of failure)
Press: ? - help, Q - select action, (/) - cycle Shift-Dir - straight line, f/p - deep elf knight
Aim: a deep elf knight, wielding a +0 scimitar (fast, 58% to hit)
The iron shot hits the deep elf knight!!!
The deep elf knight is severely wounded.
A +2 mace of protection comes into view.
Aiming: Iron Shot (mildly dangerous; 1% risk of failure)
Press: ? - help, Q - select action, (/) - cycle Shift-Dir - straight line, f/p - deep elf knight
Aim: a deep elf knight, wielding a +0 scimitar (severely wounded, fast, 58% to hit)
The iron shot misses the deep elf knight.
The deep elf knight points at you and mumbles some strange words.
The lance of force hits you!!
You are knocked back by the lance of force.
Aiming: Iron Shot (mildly dangerous; 1% risk of failure)
Press: ? - help, Q - select action, (/) - cycle Shift-Dir - straight line, f - +1 heavy halberd, p - deep elf knight
Aim: a +1 heavy halberd (55% to hit)
The iron shot hits the +1 heavy halberd!!!
The +1 heavy halberd falls from the air.
Makhleb accepts your kill.
Aiming: Iron Shot (mildly dangerous; 1% risk of failure)
Press: ? - help, Q - select action, (/) - cycle Shift-Dir - straight line, f - deep elf knight
Aim: a deep elf knight, wielding a +0 scimitar (severely wounded, fast, 58% to hit)
The iron shot hits the deep elf knight!!!
You kill the deep elf knight!
Makhleb accepts your kill.
You feel better.
Aiming: Iron Shot (mildly dangerous; 1% risk of failure)
Press: ? - help, Q - select action, (/) - cycle Shift-Dir - straight line, f - +2 mace of protection
Aim: a +2 mace of protection (55% to hit)
The iron shot hits the +2 mace of protection!!!
The +2 mace of protection falls from the air.
Makhleb accepts your kill.
You hear a shout!
You start resting.
A deep elf zephyrmancer comes into view.
It is wielding a +0 long sword.
Aiming: Iron Shot (mildly dangerous; 1% risk of failure)
Press: ? - help, Q - select action, (/) - cycle Shift-Dir - straight line, f - you
Okay, then.
Aiming: Iron Shot (mildly dangerous; 1% risk of failure)
Press: ? - help, Q - select action, (/) - cycle Shift-Dir - straight line, f - deep elf zephyrmancer
Aim: a deep elf zephyrmancer, wielding a +0 long sword (69% to hit)
The iron shot hits the deep elf zephyrmancer!!!
You kill the deep elf zephyrmancer!
Makhleb accepts your kill.
You feel better.
You start resting.
HP restored.
You see here a +0 scimitar.
You see here a +2 mace of protection.
You see here a +1 heavy halberd.
Things that are here:
a +0 long sword; an elf corpse You see here a +3 heavy flail.
Things that are here:
a +0 shortbow; a +0 short sword of speed A +2 heavy morningstar comes into view.
A deep elf knight comes into view. It is wielding a +0 scimitar.
Aiming: Iron Shot (mildly dangerous; 1% risk of failure)
Press: ? - help, Q - select action, (/) - cycle Shift-Dir - straight line, f - you
Okay, then.
A +3 eveningstar of electrocution comes into view.
The deep elf knight shouts!
Aiming: Iron Shot (mildly dangerous; 1% risk of failure)
Press: ? - help, Q - select action, (/) - cycle Shift-Dir - straight line, f - deep elf knight
Aim: a deep elf knight, wielding a +0 scimitar (58% to hit)
The iron shot misses the deep elf knight.
Unknown command.
Aiming: Iron Shot (mildly dangerous; 1% risk of failure)
Press: ? - help, Q - select action, (/) - cycle Shift-Dir - straight line, f/p - deep elf knight
Aim: a deep elf knight, wielding a +0 scimitar (58% to hit)
The iron shot hits the deep elf knight!!!
The deep elf knight is almost dead.
Unknown command.
Aiming: Iron Shot (mildly dangerous; 1% risk of failure)
Press: ? - help, Q - select action, (/) - cycle Shift-Dir - straight line, p - deep elf knight The iron shot hits the +2 heavy morningstar!!
The +2 heavy morningstar falls from the air.
Makhleb accepts your kill.
The deep elf knight gestures at you while chanting.
You block shard of ice... and reflect it back!
The shard of ice misses the deep elf knight.
Aiming: Iron Shot (mildly dangerous; 1% risk of failure)
Press: ? - help, Q - select action, (/) - cycle Shift-Dir - straight line The iron shot hits the deep elf knight!!!
You kill the deep elf knight!
Makhleb accepts your kill.
You feel better.
The +3 eveningstar of electrocution hits you!
Your Shields skill increases to level 12!
Aiming: Iron Shot (mildly dangerous; 1% risk of failure)
Press: ? - help, Q - select action, (/) - cycle Shift-Dir - straight line The iron shot hits the +3 eveningstar of electrocution!!
The +3 eveningstar of electrocution falls from the air.
Makhleb accepts your kill.
Unknown command.
You start resting.
HP restored.
Things that are here:
a +3 eveningstar of electrocution; a +2 heavy morningstar A +1 battleaxe of venom comes into view.
Aiming: Iron Shot (mildly dangerous; 1% risk of failure)
Press: ? - help, Q - select action, (/) - cycle Shift-Dir - straight line, f - you
Okay, then.
Unknown command.
A deep elf zephyrmancer comes into view.
It is wielding a +0 short sword.
Aiming: Iron Shot (mildly dangerous; 1% risk of failure)
Press: ? - help, Q - select action, (/) - cycle Shift-Dir - straight line, f - +1 battleaxe of venom
Aim: a +1 battleaxe of venom (dormant, 100% to hit)
The iron shot hits the +1 battleaxe of venom!!!
The +1 battleaxe of venom falls from the air.
Makhleb accepts your kill.
You hear a shout!
A deep elf knight comes into view. It is wielding a +0 scimitar.
A +3 vampiric halberd comes into view.
Casting: Iron Shot (mildly dangerous; 1% risk of failure)
Confirm with . or Enter, or press ? or * to list all spells.
Aiming: Freezing Cloud (safe; 1% risk of failure)
Press: ? - help, Dir - move target The deep elf knight is engulfed in freezing vapours.
The deep elf zephyrmancer is engulfed in freezing vapours.
Unknown command.
A +0 lajatang of pain comes into view.
The deep elf zephyrmancer is engulfed in freezing vapours.
The deep elf zephyrmancer casts a spell.
The deep elf zephyrmancer blinks!
The deep elf knight is engulfed in freezing vapours.
The +0 lajatang of pain moves out of view.
Aiming: Iron Shot (mildly dangerous; 1% risk of failure)
Press: ? - help, Q - select action, (/) - cycle Shift-Dir - straight line, f - deep elf knight
Aim: a deep elf knight, wielding a +0 scimitar, wearing a +0 leather armour and wearing a +0 buckler (freezing vapour, heavily wounded, 58% to hit)
The deep elf knight blocks the iron shot.
The deep elf knight is engulfed in freezing vapours.
The deep elf knight gestures wildly while chanting.
The deep elf knight seems to speed up.
Aiming: Iron Shot (mildly dangerous; 1% risk of failure)
Press: ? - help, Q - select action, (/) - cycle Shift-Dir - straight line, f/p - deep elf knight
Aim: a deep elf knight, wielding a +0 scimitar, wearing a +0 leather armour and wearing a +0 buckler (freezing vapour, severely wounded, fast, 58% to hit)
The iron shot hits the deep elf knight!!!
You kill the deep elf knight!
Makhleb accepts your kill.
You feel better.
The +0 lajatang of pain is engulfed in freezing vapours.
Aiming: Iron Shot (mildly dangerous; 1% risk of failure)
Press: ? - help, Q - select action, (/) - cycle Shift-Dir - straight line, f - +3 vampiric halberd
Aim: a +3 vampiric halberd (freezing vapour, 55% to hit)
The iron shot misses the +3 vampiric halberd.
Unknown command.
Aiming: Iron Shot (mildly dangerous; 1% risk of failure)
Press: ? - help, Q - select action, (/) - cycle Shift-Dir - straight line, f - +0 lajatang of pain
Aim: a +0 lajatang of pain (freezing vapour, 55% to hit)
The iron shot misses the +0 lajatang of pain.
Unknown command.
You start resting.
The +0 lajatang of pain completely misses you.
Aiming: Iron Shot (mildly dangerous; 1% risk of failure)
Press: ? - help, Q - select action, (/) - cycle Shift-Dir - straight line, f/p - +0 lajatang of pain
Aim: a +0 lajatang of pain (55% to hit)
The iron shot hits the +0 lajatang of pain!!!
The +0 lajatang of pain falls from the air.
Makhleb accepts your kill.
Aiming: Iron Shot (mildly dangerous; 1% risk of failure)
Press: ? - help, Q - select action, (/) - cycle Shift-Dir - straight line, f - deep elf zephyrmancer
Aim: a deep elf zephyrmancer, wielding a +0 short sword and wearing a +0 leather armour (severely wounded, 69% to hit)
The iron shot hits the deep elf zephyrmancer!!!
You kill the deep elf zephyrmancer!
Makhleb accepts your kill.
You feel better.
Aiming: Iron Shot (mildly dangerous; 1% risk of failure)
Press: ? - help, Q - select action, (/) - cycle Shift-Dir - straight line, f - +3 vampiric halberd
Aim: a +3 vampiric halberd (55% to hit)
The iron shot misses the +3 vampiric halberd.
You block the +3 vampiric halberd's attack.
The +3 vampiric halberd hits you!!
Casting: Iron Shot (mildly dangerous; 1% risk of failure)
Confirm with . or Enter, or press ? or * to list all spells.
You erupt in a blast of force!
The mystic blast hits the +3 vampiric halberd!!
The +3 vampiric halberd is severely damaged.
The +3 vampiric halberd is knocked back by the mystic blast.
Aiming: Iron Shot (mildly dangerous; 1% risk of failure)
Press: ? - help, Q - select action, (/) - cycle Shift-Dir - straight line, f/p - +3 vampiric halberd
Aim: a +3 vampiric halberd (severely damaged, 55% to hit)
The iron shot misses the +3 vampiric halberd.
You block the +3 vampiric halberd's attack.
Unknown command.
Aiming: Iron Shot (mildly dangerous; 1% risk of failure)
Press: ? - help, Q - select action, (/) - cycle Shift-Dir - straight line, f/p - +3 vampiric halberd
Aim: a +3 vampiric halberd (heavily damaged, 55% to hit)
The iron shot misses the +3 vampiric halberd.
You block the +3 vampiric halberd's attack.
Unknown command.
Casting: Iron Shot (mildly dangerous; 1% risk of failure)
Confirm with . or Enter, or press ? or * to list all spells.
You erupt in a blast of force!
The mystic blast hits the +3 vampiric halberd!
The +3 vampiric halberd is almost destroyed.
The +3 vampiric halberd is knocked back by the mystic blast.
Aiming: Iron Shot (mildly dangerous; 1% risk of failure)
Press: ? - help, Q - select action, (/) - cycle Shift-Dir - straight line, f/p - +3 vampiric halberd
Aim: a +3 vampiric halberd (almost destroyed, 55% to hit)
The iron shot misses the +3 vampiric halberd.
Unknown command.
Aiming: Iron Shot (mildly dangerous; 1% risk of failure)
Press: ? - help, Q - select action, (/) - cycle Shift-Dir - straight line, f/p - +3 vampiric halberd
Aim: a +3 vampiric halberd (almost destroyed, 55% to hit)
The iron shot hits the +3 vampiric halberd!!!
The +3 vampiric halberd falls from the air.
Makhleb accepts your kill.
You start resting.
HP restored.
You see here a +0 lajatang of pain.
Things that are here:
a +3 vampiric halberd; a +0 short sword; a +0 leather armour You see here a +1 battleaxe of venom.
A +2 long sword of holy wrath is nearby!
Aiming: Iron Shot (mildly dangerous; 1% risk of failure)
Press: ? - help, Q - select action, (/) - cycle Shift-Dir - straight line, f - you
Okay, then.
Aiming: Iron Shot (mildly dangerous; 1% risk of failure)
Press: ? - help, Q - select action, (/) - cycle Shift-Dir - straight line, f - +2 long sword of holy wrath
Aim: a +2 long sword of holy wrath (wandering, hasn't noticed you, 55% to hit)
The iron shot hits the +2 long sword of holy wrath!!!
The +2 long sword of holy wrath falls from the air.
Makhleb accepts your kill.
You see here a +2 long sword of holy wrath.
Done exploring.
Done exploring.
Search for what [Enter for "demon", or ? for help]? elf:2 Unknown command.
Search for what [Enter for "elf:2", or ? for help]? gold Unknown command.
Search for what [Enter for "gold", or ? for help]? gloves Unknown command.
Unknown command.
(D) Dungeon (T) Temple (L) Lair (A) Shoals (N) Spider Nest (M) Slime Pits (O) Orcish Mines (E) Elven Halls (V) Vaults (U) Depths (H) Hell
Where to? (Enter - Elf:3 @ (x,y), ? - help)
What level of the Lair of Beasts? (default 1, ? - help)
Items here: )) [[.
There is an open translucent gate here.
You see here a +0 dagger.
There is an open door here.
There is an open door here.
There is an open door here.
You see here a +4 hand axe of freezing.
There is an open door here.
There is an open door here.
There is an open door here.
There is an entrance to Waqiadaa's Book Emporium here.
There is an open door here.
There is an open door here.
You see here a scroll of identify.
There is a stone staircase leading up here.
You fly upwards.
There is a stone staircase leading down here.
You see here a +0 rapier.
There is a staircase back to the Mines here.
You fly upwards.
Welcome back to the Orcish Mines!
There is a staircase to the Elven Halls here.
Things that are here:
a +0 leather armour; a +0 war axe; a +0 flail You see here a +0 dagger.
There is a stone staircase leading up, spattered with blood here.
You fly upwards.
There is a stone staircase leading down here.
There is a staircase back to the Dungeon here.
You fly upwards.
Welcome back to the Dungeon!
There is a staircase to the Orcish Mines here.
There is a staircase to the Lair here.
You fly downwards.
Welcome back to the Lair of Beasts!
There is a staircase back to the Dungeon here.
You fly upwards.
Welcome back to the Dungeon!
There is a staircase to the Lair here.
Items here: !! """" (( ))) / ===== ??????? [[[[[[[[[[[[ |.
You drop a scroll of enchant weapon.
You drop a scroll of enchant armour.
You drop 10 potions of lignification.
You drop a wand of flame (102).
Unknown command.
Unknown command.
Unknown command.
Search for what [Enter for "gloves", or ? for help]? leather Unknown command.
Search for what [Enter for "leather", or ? for help]? dragon Search for what [Enter for "dragon", or ? for help]? ring mail Unknown command.
Unknown command.
Unknown command.
Save game and exit?
Welcome back, scionoferis the Djinni Conjurer.
Blood and souls for Makhleb!
Press ? for a list of commands and other information.
Unknown command.
Search for what [? for help]? vault
There is a stone staircase leading down here.
You fly downwards.
There is a stone staircase leading up here.
There is an open door here.
There is a stone staircase leading down here.
You fly downwards.
There is a stone staircase leading up here.
There is a stone staircase leading down here.
You fly downwards.
There is a stone staircase leading up here.
There is a stone staircase leading down here.
You fly downwards.
There is a stone staircase leading up here.
You see here a +0 war axe.
There is a stone staircase leading down here.
You fly downwards.
There is a stone staircase leading up here.
There is a gate to the Vaults here.
You fly down through the gate.
Welcome to the Vaults!
This branch contains the silver rune of Zot.
Found four items.
There is a gate leading back out of this place here.
Aiming: Iron Shot (mildly dangerous; 1% risk of failure)
Press: ? - help, Q - select action, (/) - cycle Shift-Dir - straight line, f - vault sentinel
Aim: a vault sentinel, wielding a +0 morningstar and wearing a +0 scale mail (asleep, 100% to hit)
The iron shot hits the vault sentinel!!!
You kill the vault sentinel!
Makhleb accepts your kill.
You feel better.
Press: ? - help, v - describe, . - travel, g - get item Item here: steam dragon scales.
An alarm trap.
Unknown command.
You now have 2177 gold pieces (gained 21).
There is a gate leading back out of this place here.
Things that are here:
a +0 morningstar; a +0 scale mail; a human corpse
There is a gate leading back out of this place here.
You reach down and open the door.
There is an open door here.
A yaktaur captain comes into view.
Aiming: Iron Shot (mildly dangerous; 1% risk of failure)
Press: ? - help, Q - select action, (/) - cycle Shift-Dir - straight line, f - yaktaur captain
Aim: a yaktaur captain (asleep, 100% to hit)
The iron shot hits the yaktaur captain!!!
The yaktaur captain is severely wounded.
The yaktaur captain shouts!
Aiming: Iron Shot (mildly dangerous; 1% risk of failure)
Press: ? - help, Q - select action, (/) - cycle Shift-Dir - straight line, f/p - yaktaur captain
Aim: a yaktaur captain (severely wounded, 92% to hit)
The iron shot hits the yaktaur captain!!!
You kill the yaktaur captain!
Makhleb accepts your kill.
You feel better.
You start resting.
HP restored.
Found a scroll of identify.
You reach down and open the door.
Found an escape hatch in the floor.
There is an open door here.
You now have 2181 gold pieces (gained 4).
You reach down and open the door.
A yaktaur comes into view.
There is an open door here.
The yaktaur wields a +0 arbalest.
The yaktaur shoots a bolt.
You block the bolt with an invisible shield... and reflect it back!
The bolt hits the yaktaur!!
Aiming: Iron Shot (mildly dangerous; 1% risk of failure)
Press: ? - help, Q - select action, (/) - cycle Shift-Dir - straight line, f - yaktaur
Aim: a yaktaur, wielding a +0 arbalest (severely wounded, 95% to hit)
The iron shot hits the yaktaur!!!
You kill the yaktaur!
Makhleb accepts your kill.
You feel better.
You reach down and open the door.
There is an open door here.
An ironbound thunderhulk comes into view.
It is wielding a +0 dire flail.
Aiming: Iron Shot (mildly dangerous; 1% risk of failure)
Press: ? - help, Q - select action, (/) - cycle Shift-Dir - straight line, f - ironbound thunderhulk
Aim: an ironbound thunderhulk, wielding a +0 dire flail and wearing a +0 animal skin (asleep, 100% to hit)
The iron shot hits the ironbound thunderhulk!!!
The ironbound thunderhulk is heavily wounded.
Aiming: Iron Shot (mildly dangerous; 1% risk of failure)
Press: ? - help, Q - select action, (/) - cycle Shift-Dir - straight line, f/p - ironbound thunderhulk
Aim: an ironbound thunderhulk, wielding a +0 dire flail and wearing a +0 animal skin (heavily wounded, 84% to hit)
The iron shot hits the ironbound thunderhulk!!!
The ironbound thunderhulk is almost dead.
Aiming: Iron Shot (mildly dangerous; 1% risk of failure)
Press: ? - help, Q - select action, (/) - cycle Shift-Dir - straight line, f/p - ironbound thunderhulk
Aim: an ironbound thunderhulk, wielding a +0 dire flail and wearing a +0 animal skin (almost dead, 84% to hit)
The iron shot hits the ironbound thunderhulk!!!
You kill the ironbound thunderhulk!
Makhleb accepts your kill.
You feel better.
You start resting.
HP restored.
You see here a ring of magical power.
You reach down and open the door.
There is an open door here.
There is an open door here.
You reach down and open the door.
There is an open door here.
You reach down and open the large door.
A glowing shapeshifter simulacrum comes into view.
Found a ring mail and 12 gold pieces.
A necromancer comes into view. It is wielding a +0 dagger.
A stone giant skeleton comes into view.
There is a large open door here.
Aiming: Iron Shot (mildly dangerous; 1% risk of failure)
Press: ? - help, Q - select action, (/) - cycle Shift-Dir - straight line, f - glowing shapeshifter simulacrum
Aim: a glowing shapeshifter simulacrum (92% to hit)
The iron shot hits the glowing shapeshifter simulacrum!!!
The glowing shapeshifter simulacrum vaporises!
Makhleb accepts your kill.
The necromancer shouts!
You hear a shout!
A necromancer zombie comes into view.
Aiming: Iron Shot (mildly dangerous; 1% risk of failure)
Press: ? - help, Q - select action, (/) - cycle Shift-Dir - straight line, f - you
Okay, then.
Casting: Iron Shot (mildly dangerous; 1% risk of failure)
Confirm with . or Enter, or press ? or * to list all spells.
Aiming: Freezing Cloud (safe; 1% risk of failure)
Press: ? - help, Dir - move target The necromancer is engulfed in freezing vapours.
Unknown command.
Aiming: Iron Shot (mildly dangerous; 1% risk of failure)
Press: ? - help, Q - select action, (/) - cycle Shift-Dir - straight line, f - necromancer
Aim: a necromancer, wielding a +0 dagger and wearing a +0 robe (freezing vapour, moderately wounded, 69% to hit)
The iron shot misses the necromancer.
The stone giant skeleton is engulfed in freezing vapours.
The necromancer is engulfed in freezing vapours.
Aiming: Iron Shot (mildly dangerous; 1% risk of failure)
Press: ? - help, Q - select action, (/) - cycle Shift-Dir - straight line, f/p - necromancer
Aim: a necromancer, wielding a +0 dagger and wearing a +0 robe (freezing vapour, heavily wounded, 69% to hit)
The iron shot hits the necromancer!!!
You kill the necromancer!
Makhleb accepts your kill.
You feel better.
The stone giant skeleton is engulfed in freezing vapours.
Aiming: Iron Shot (mildly dangerous; 1% risk of failure)
Press: ? - help, Q - select action, (/) - cycle Shift-Dir - straight line, f - stone giant skeleton
Aim: a stone giant skeleton (lightly damaged, 100% to hit)
The iron shot hits the stone giant skeleton!!
The stone giant skeleton is moderately damaged.
The necromancer zombie is engulfed in freezing vapours.
Aiming: Iron Shot (mildly dangerous; 1% risk of failure)
Press: ? - help, Q - select action, (/) - cycle Shift-Dir - straight line, f/p - stone giant skeleton
Aim: a stone giant skeleton (moderately damaged, 100% to hit)
The iron shot hits the stone giant skeleton!!!
The stone giant skeleton is severely damaged.
The necromancer zombie is engulfed in freezing vapours.
Casting: Iron Shot (mildly dangerous; 1% risk of failure)
Confirm with . or Enter, or press ? or * to list all spells.
You erupt in a blast of force!
The mystic blast hits the stone giant skeleton!!
The stone giant skeleton is almost destroyed.
The stone giant skeleton is knocked back by the mystic blast.
The stone giant skeleton collides with the necromancer zombie!
The necromancer zombie is lightly damaged.
The stone giant skeleton is almost destroyed.
You hear a shout!
Aiming: Iron Shot (mildly dangerous; 1% risk of failure)
Press: ? - help, Q - select action, (/) - cycle Shift-Dir - straight line, f/p - stone giant skeleton
Aim: a stone giant skeleton (almost destroyed, 100% to hit)
The iron shot hits the stone giant skeleton!!!
You destroy the stone giant skeleton!
Makhleb accepts your kill.
Aiming: Iron Shot (mildly dangerous; 1% risk of failure)
Press: ? - help, Q - select action, (/) - cycle Shift-Dir - straight line, f - necromancer zombie
Aim: a necromancer zombie (lightly damaged, 84% to hit)
The iron shot hits the necromancer zombie!!!
The necromancer zombie is severely damaged.
Unknown command.
Aiming: Iron Shot (mildly dangerous; 1% risk of failure)
Press: ? - help, Q - select action, (/) - cycle Shift-Dir - straight line, f/p - necromancer zombie
Aim: a necromancer zombie (severely damaged, 84% to hit)
The iron shot hits the necromancer zombie!!
You destroy the necromancer zombie!
Makhleb accepts your kill.
You feel better.
A vault sentinel comes into view. It is wielding a +0 morningstar.
An ironbound preserver and an ettin zombie come into view.
Found a dagger.
The vault sentinel blows a loud note on a signal horn!
You hear a shout! x6
Aiming: Iron Shot (mildly dangerous; 1% risk of failure)
Press: ? - help, Q - select action, (/) - cycle Shift-Dir - straight line, f - ettin zombie
Aim: an ettin zombie (100% to hit)
The iron shot hits the ettin zombie!!!
The ettin zombie is heavily damaged.
Unknown command.
Aiming: Iron Shot (mildly dangerous; 1% risk of failure)
Press: ? - help, Q - select action, (/) - cycle Shift-Dir - straight line, f - vault sentinel, p - ettin zombie
Aim: a vault sentinel, wielding a +0 morningstar and wearing a +0 scale mail (72% to hit)
Okay, then.
Casting: Iron Shot (mildly dangerous; 1% risk of failure)
Confirm with . or Enter, or press ? or * to list all spells.
Aiming: Freezing Cloud (safe; 1% risk of failure)
Press: ? - help, Dir - move target, f - vault sentinel, p - ettin zombie
Aim: a vault sentinel, wielding a +0 morningstar and wearing a +0 scale mail The ettin zombie is engulfed in freezing vapours.
A yaktaur captain comes into view.
The vault sentinel is engulfed in freezing vapours.
The ironbound preserver is engulfed in freezing vapours.
Aiming: Iron Shot (mildly dangerous; 1% risk of failure)
Press: ? - help, Q - select action, (/) - cycle Shift-Dir - straight line, f - ettin zombie, p - vault sentinel
Aim: an ettin zombie (freezing vapour, heavily damaged, 100% to hit)
The iron shot hits the ettin zombie!!!
The ettin zombie is almost destroyed.
The vault sentinel is engulfed in freezing vapours.
A deep troll comes into view.
Casting: Iron Shot (mildly dangerous; 1% risk of failure)
Confirm with . or Enter, or press ? or * to list all spells.
You erupt in a blast of force!
The mystic blast hits the ettin zombie.
You destroy the ettin zombie!
Makhleb accepts your kill.
You feel better.
The mystic blast hits the ironbound preserver!
The ironbound preserver is lightly wounded.
The ironbound preserver is knocked back by the mystic blast.
The ironbound preserver slams into the stone wall!
The ironbound preserver is moderately wounded.
The mystic blast hits the vault sentinel!!
You kill the vault sentinel!
Makhleb accepts your kill.
You feel better.
You hear a shout!
The yaktaur captain wields a +0 hand crossbow.
The yaktaur captain shoots a bolt.
You block the bolt with an invisible shield... and reflect it back!
The bolt hits the yaktaur captain!!!
A deep troll comes into view.
Aiming: Iron Shot (mildly dangerous; 1% risk of failure)
Press: ? - help, Q - select action, (/) - cycle Shift-Dir - straight line, f - ironbound preserver
Aim: an ironbound preserver, wielding a +0 flail and wearing a +0 ring mail (moderately wounded, 92% to hit)
The iron shot hits the ironbound preserver!!
The ironbound preserver is heavily wounded.
Aiming: Iron Shot (mildly dangerous; 1% risk of failure)
Press: ? - help, Q - select action, (/) - cycle Shift-Dir - straight line, f/p - ironbound preserver
Aim: an ironbound preserver, wielding a +0 flail and wearing a +0 ring mail (heavily wounded, 92% to hit)
The iron shot hits the ironbound preserver!!
The ironbound preserver is almost dead.
You block the ironbound preserver's attack.
The deep troll enters a dispersal trap!
The yaktaur captain blinks!
The deep troll blinks!
The ironbound preserver blinks! x2
The yaktaur captain blinks!
You blink.
The deep troll bites you!! You block the deep troll's attack.
The deep troll completely misses you.
A deep troll comes into view.
Aiming: Iron Shot (mildly dangerous; 1% risk of failure)
Press: ? - help, Q - select action, (/) - cycle Shift-Dir - straight line, f - deep troll, p - ironbound preserver
Aim: a deep troll (78% to hit)
The iron shot hits the deep troll!!!
The deep troll is severely wounded.
The deep troll shouts!
The yaktaur captain shoots a bolt.
The bolt hits you!!
The ironbound preserver casts a spell.
The ironbound preserver is healed somewhat.
The deep troll is engulfed in freezing vapours.
You block the deep troll's attack. The deep troll barely misses you.
You block the deep troll's attack.
The deep troll is engulfed in freezing vapours.
Unknown command.
Aiming: Iron Shot (mildly dangerous; 1% risk of failure)
Press: ? - help, Q - select action, (/) - cycle Shift-Dir - straight line, f/p - deep troll
Aim: a deep troll (severely wounded, 78% to hit)
The iron shot hits the deep troll!!!
You kill the deep troll!
Makhleb accepts your kill.
You feel better.
The troll leather armour is intact enough to wear.
The yaktaur captain shoots a bolt.
You block the bolt with an invisible shield... and reflect it back!
The bolt barely misses the yaktaur captain.
The bolt hits the deep troll!!
The deep troll is engulfed in freezing vapours. x2
You kill the deep troll!
Makhleb accepts your kill.
The troll leather armour is intact enough to wear.
Unknown command.
Casting: Iron Shot (mildly dangerous; 1% risk of failure)
Confirm with . or Enter, or press ? or * to list all spells.
Okay, then.
Casting: Iron Shot (mildly dangerous; 1% risk of failure)
Confirm with . or Enter, or press ? or * to list all spells.
Aiming: Infestation (dangerous; 9% risk of failure)
Press: ? - help, Dir - move target, f - yaktaur captain
Aim: a yaktaur captain, wielding a +0 hand crossbow (heavily wounded)
You miscast Infestation.
You are very lightly contaminated with residual magic.
The world around you seems to dim momentarily.
You partially resist.
You feel drained.
The yaktaur captain shoots a bolt.
The bolt misses you.
A yaktaur comes into view.
You block the deep troll's attack. The deep troll barely misses you.
The deep troll misses you.
Unknown command.
Unknown command.
Casting: Infestation (dangerous; 9% risk of failure)
Confirm with . or Enter, or press ? or * to list all spells.
Okay, then.
Unknown command.
Press: ? - help, v - describe, . - travel
Here: a deep troll (lightly wounded)
The floor.
Casting: Infestation (dangerous; 9% risk of failure)
Confirm with . or Enter, or press ? or * to list all spells.
Aiming: Infestation (dangerous; 9% risk of failure)
Press: ? - help, Dir - move target, f/p - yaktaur captain
Aim: a yaktaur captain, wielding a +0 hand crossbow (heavily wounded)
Okay, then.
Aiming: Iron Shot (mildly dangerous; 1% risk of failure)
Press: ? - help, Q - select action, (/) - cycle Shift-Dir - straight line, f/p - yaktaur captain
Aim: a yaktaur captain, wielding a +0 hand crossbow (heavily wounded, 92% to hit)
Okay, then.
Casting: Iron Shot (mildly dangerous; 1% risk of failure)
Confirm with . or Enter, or press ? or * to list all spells.
Aiming: Simulacrum (mildly dangerous; 1% risk of failure)
Press: ? - help, Shift-Dir - straight line, f - deep troll, p - yaktaur captain
Aim: a deep troll (lightly wounded)
You freeze the deep troll's soul.
The yaktaur captain shoots a bolt.
You block the bolt with an invisible shield... and reflect it back!
The bolt hits the deep troll!!!
The ironbound preserver mumbles some strange words.
The ironbound preserver is healed somewhat.
The yaktaur is engulfed in freezing vapours.
An ironbound convoker comes into view. It is wielding a +0 mace.
You block the deep troll's attack. x2; The deep troll misses you.
You hear a shout!
Aiming: Iron Shot (mildly dangerous; 1% risk of failure)
Press: ? - help, Q - select action, (/) - cycle Shift-Dir - straight line, f/p - deep troll
Aim: a deep troll (severely wounded, simulacrum, 78% to hit)
The iron shot hits the deep troll!!!
You kill the deep troll!
Makhleb accepts your kill.
You feel better.
A freezing mist starts to gather...
A freezing mist starts to gather...
The yaktaur is engulfed in freezing vapours.
Unknown command.
Casting: Iron Shot (mildly dangerous; 1% risk of failure)
Confirm with . or Enter, or press ? or * to list all spells.
Aiming: Freezing Cloud (safe; 1% risk of failure)
Press: ? - help, Dir - move target The yaktaur captain unwields a +0 hand crossbow.
The yaktaur captain hits you!!
* * * LOW HITPOINT WARNING * * *
The yaktaur is engulfed in freezing vapours. x2
The deep troll is engulfed in freezing vapours. x2
Unknown command.
Unknown command.
Casting: Freezing Cloud (safe; 1% risk of failure)
Confirm with . or Enter, or press ? or * to list all spells.
You erupt in a blast of force!
The mystic blast hits the ironbound preserver!
The ironbound preserver is severely wounded.
The ironbound preserver is knocked back by the mystic blast.
The mystic blast hits the deep troll!
The deep troll is moderately wounded.
The deep troll is knocked back by the mystic blast.
The deep troll slams into the stone wall!
The mystic blast hits the deep troll!
The deep troll is heavily wounded.
The deep troll is knocked back by the mystic blast.
The mystic blast hits the yaktaur captain!
The yaktaur captain is heavily wounded.
The yaktaur captain is knocked back by the mystic blast.
The yaktaur captain collides with the yaktaur!
The yaktaur is heavily wounded.
The yaktaur captain is severely wounded.
* * * LOW HITPOINT WARNING * * *
The yaktaur is engulfed in freezing vapours. x2
The ironbound convoker is engulfed in freezing vapours.
Unknown command.
Unknown command.
You feel much better.
The ironbound preserver gestures wildly while chanting.
The ironbound preserver is healed somewhat.
The yaktaur captain is engulfed in freezing vapours.
The yaktaur captain wields a +0 hand crossbow.
The yaktaur captain shoots a bolt.
The bolt completely misses you. You block the deep troll's attack.
The deep troll misses you. The deep troll claws you.
Your deep troll simulacrum bites the yaktaur captain!
Your deep troll simulacrum freezes the yaktaur captain!
Your deep troll simulacrum claws the yaktaur captain!
The yaktaur captain dies!
Makhleb accepts your kill.
The deep troll is engulfed in freezing vapours.
A yaktaur comes into view.
The yaktaur is engulfed in freezing vapours.
The yaktaur wields a +0 arbalest.
The yaktaur shoots a bolt.
The bolt hits you!
* * * LOW HITPOINT WARNING * * *
The yaktaur is engulfed in freezing vapours.
You kill the yaktaur!
Makhleb accepts your kill.
You feel better.
The ironbound convoker is engulfed in freezing vapours.
Your life force feels restored.
Casting: Iskenderun's Mystic Blast (safe; 0% risk of failure)
Confirm with . or Enter, or press ? or * to list all spells.
Really blast near your deep troll simulacrum?
Okay, then.
Unknown command.
Aiming: Iron Shot (mildly dangerous; 1% risk of failure)
Press: ? - help, Q - select action, (/) - cycle Shift-Dir - straight line, f - deep troll
Aim: a deep troll (moderately wounded, 78% to hit)
The iron shot hits the deep troll!!!
You kill the deep troll!
Makhleb accepts your kill.
You feel better.
The troll leather armour is intact enough to wear.
The deep troll is engulfed in freezing vapours.
The deep troll bites you.
* * * LOW HITPOINT WARNING * * *
You block the deep troll's attack. x2
Your deep troll simulacrum bites the yaktaur!
Your deep troll simulacrum freezes the yaktaur!!
The yaktaur dies!
Makhleb accepts your kill.
The ironbound convoker is engulfed in freezing vapours.
Aiming: Iron Shot (mildly dangerous; 1% risk of failure)
Press: ? - help, Q - select action, (/) - cycle Shift-Dir - straight line, f - ironbound convoker
Aim: an ironbound convoker, wielding a +0 mace and wearing a +0 scale mail (almost dead, 81% to hit)
The iron shot misses the ironbound convoker.
* * * LOW HITPOINT WARNING * * *
The deep troll is engulfed in freezing vapours.
The deep troll closely misses you. The deep troll claws you!
* * * LOW HITPOINT WARNING * * *
The deep troll barely misses you.
A yaktaur comes into view.
Your deep troll simulacrum bites the deep troll!!
The deep troll dies!
Makhleb accepts your kill.
You block the ironbound convoker's attack.
Unknown command.
You feel much better.
The ironbound convoker hits you with a +0 mace!
* * * LOW HITPOINT WARNING * * *
Unknown command.
Aiming: Iron Shot (mildly dangerous; 1% risk of failure)
Press: ? - help, Q - select action, (/) - cycle Shift-Dir - straight line, f/p - ironbound convoker
Aim: an ironbound convoker, wielding a +0 mace and wearing a +0 scale mail (almost dead, ally target, 81% to hit)
The iron shot hits the ironbound convoker!!!
You kill the ironbound convoker!
Makhleb accepts your kill.
You feel better.
* * * LOW HITPOINT WARNING * * *
The ironbound preserver casts a spell.
The ironbound preserver is healed somewhat.
The yaktaur wields a +0 arbalest.
The yaktaur shoots a bolt.
You block the bolt with an invisible shield... and reflect it back!
The bolt hits the yaktaur!!
Aiming: Iron Shot (mildly dangerous; 1% risk of failure)
Press: ? - help, Q - select action, (/) - cycle Shift-Dir - straight line, f - ironbound preserver
Aim: an ironbound preserver, wielding a +0 flail and wearing a +0 ring mail (heavily wounded, ally target, 92% to hit)
The iron shot hits the ironbound preserver!!!
The ironbound preserver is almost dead.
* * * LOW HITPOINT WARNING * * *
Your deep troll simulacrum bites the ironbound preserver but does no damage.
Your deep troll simulacrum claws the ironbound preserver!
Your deep troll simulacrum freezes the ironbound preserver!
The ironbound preserver dies!
Makhleb accepts your kill.
The yaktaur wields a +0 arbalest.
The yaktaur shoots a bolt.
You block the bolt with an invisible shield... and reflect it back!
The bolt hits the yaktaur!!
An ironbound convoker comes into view. It is wielding a +0 morningstar.
Casting: Iron Shot (mildly dangerous; 1% risk of failure)
Confirm with . or Enter, or press ? or * to list all spells.
Aiming: Freezing Cloud (safe; 1% risk of failure)
Press: ? - help, Dir - move target, f - yaktaur
Aim: a yaktaur, wielding a +0 arbalest (heavily wounded)
* * * LOW HITPOINT WARNING * * *
The yaktaur is engulfed in freezing vapours.
The yaktaur shoots a bolt.
The bolt completely misses you.
The ironbound convoker is engulfed in freezing vapours.
The ironbound convoker begins to recite a word of recall!
Unknown command.
Unknown command.
The yaktaur is engulfed in freezing vapours.
You kill the yaktaur!
Makhleb accepts your kill.
The yaktaur is engulfed in freezing vapours.
You kill the yaktaur!
Makhleb accepts your kill.
You feel better.
The ironbound convoker is engulfed in freezing vapours.
Things that are here:
a +0 flail; a +0 ring mail The ironbound convoker is engulfed in freezing vapours.
Unknown command.
The orc warlord is recalled.
The deep troll is recalled.
The ironbound convoker is recalled.
The lich is recalled.
The deep troll is recalled.
The ironbound preserver is recalled.
Your deep troll simulacrum bites the orc warlord!
Your deep troll simulacrum freezes the orc warlord!
The orc warlord resists.
Your deep troll simulacrum claws the orc warlord.
Your deep troll simulacrum freezes the orc warlord.
The orc warlord resists.
Your deep troll simulacrum claws the orc warlord.
Your deep troll simulacrum freezes the orc warlord!
The orc warlord resists.
The ironbound preserver is engulfed in freezing vapours.
An ironbound preserver comes into view.
It is wielding a +1 morningstar of distortion.
The deep troll is engulfed in freezing vapours.
A deep troll comes into view. x2
The lich is engulfed in freezing vapours.
The lich touches your deep troll simulacrum.
An ironbound convoker comes into view. It is wielding a +0 mace.
The orc warlord hits your deep troll simulacrum with a war axe!!
Your deep troll simulacrum vaporises!
The ironbound convoker is engulfed in freezing vapours.
You kill the ironbound convoker!
Makhleb accepts your kill.
You feel better.
A great orb of eyes comes into view.
An orc warlord and a lich come into view.
The orc warlord is wielding a +0 war axe and wearing a +2 chain mail of cold resistance.
Casting: Freezing Cloud (safe; 1% risk of failure)
Confirm with . or Enter, or press ? or * to list all spells.
You don't know that spell.
Unknown command.
Casting: Freezing Cloud (safe; 1% risk of failure)
Confirm with . or Enter, or press ? or * to list all spells.
You don't know that spell.
Unknown command.
The ironbound preserver is engulfed in freezing vapours.
The ironbound preserver casts a spell.
The ironbound preserver begins to accept its allies' injuries.
The deep troll is engulfed in freezing vapours.
The lich is engulfed in freezing vapours.
The lich gestures at you while chanting.
You resist with almost no effort.
The ironbound convoker gestures at something while chanting.
The ironbound preserver is engulfed in freezing vapours.
The deep troll is engulfed in freezing vapours.
The lich is engulfed in freezing vapours.
The orc warlord is engulfed in freezing vapours.
The orc warlord unwields a +0 war axe.
The orc warlord wields a +0 arbalest.
The orc warlord shoots a bolt.
The bolt barely misses you.
Unknown command.
The lich is engulfed in freezing vapours.
The deep troll is engulfed in freezing vapours.
Press: ? - help, v - describe, . - travel
Here: a lich (freezing vapour, lightly damaged, sheltered from injuries)
The floor.
Casting: Freezing Cloud (safe; 1% risk of failure)
Confirm with . or Enter, or press ? or * to list all spells.
Aiming: Simulacrum (mildly dangerous; 1% risk of failure)
Press: ? - help, Shift-Dir - straight line, f - deep troll
Aim: a deep troll (freezing vapour, moderately wounded, sheltered from injuries)
You freeze the deep troll's soul.
* * * LOW HITPOINT WARNING * * *
The orc warlord is engulfed in freezing vapours.
The ironbound preserver is engulfed in freezing vapours.
The deep troll is engulfed in freezing vapours.
The great orb of eyes is engulfed in freezing vapours.
Aiming: Iron Shot (mildly dangerous; 1% risk of failure)
Press: ? - help, Q - select action, (/) - cycle Shift-Dir - straight line, f/p - deep troll
Aim: a deep troll (moderately wounded, sheltered from injuries, simulacrum, 78% to hit)
The iron shot misses the deep troll.
* * * LOW HITPOINT WARNING * * *
The orc warlord is engulfed in freezing vapours.
The orc warlord shoots a bolt.
You block the bolt with an invisible shield... and reflect it back!
The bolt hits the orc warlord.
The ironbound preserver is engulfed in freezing vapours.
The ironbound preserver casts a spell.
The ironbound preserver is healed somewhat.
The lich is engulfed in freezing vapours.
The lich mumbles some strange words.
The lich seems to speed up.
The great orb of eyes is engulfed in freezing vapours.
Unknown command.
Aiming: Iron Shot (mildly dangerous; 1% risk of failure)
Press: ? - help, Q - select action, (/) - cycle Shift-Dir - straight line, f/p - deep troll
Aim: a deep troll (moderately wounded, sheltered from injuries, simulacrum, 78% to hit)
The iron shot hits the deep troll!!!
The deep troll is severely wounded.
* * * LOW HITPOINT WARNING * * *
You kill the ironbound preserver!
Makhleb accepts your kill.
You feel better.
The orc warlord is engulfed in freezing vapours.
The lich is engulfed in freezing vapours.
The deep troll bites you.
* * * LOW HITPOINT WARNING * * *
You block the deep troll's attack. x2
The great orb of eyes is engulfed in freezing vapours.
Aiming: Iron Shot (mildly dangerous; 1% risk of failure)
Press: ? - help, Q - select action, (/) - cycle Shift-Dir - straight line, f/p - deep troll
Aim: a deep troll (severely wounded, simulacrum, 78% to hit)
The iron shot hits the deep troll!!!
You kill the deep troll!
Makhleb accepts your kill.
A freezing mist starts to gather...
* * * LOW HITPOINT WARNING * * *
A freezing mist starts to gather... x2
The lich casts a spell.
The lich flickers and vanishes for a moment.
The lich is engulfed in freezing vapours.
The great orb of eyes is engulfed in freezing vapours.
You swap places.
The orc warlord shoots a bolt.
The bolt hits your deep troll simulacrum!!
The lich is engulfed in freezing vapours.
The great orb of eyes is engulfed in freezing vapours.
The lich casts a spell at you.
The bolt of cold hits your deep troll simulacrum.
Your deep troll simulacrum completely resists.
The bolt of cold misses you.
The orc warlord shoots a bolt.
The bolt hits your deep troll simulacrum!!
Your deep troll simulacrum vaporises!
The lich gestures at you while chanting.
The bolt of cold hits you!! You resist.
* * * LOW HITPOINT WARNING * * *
There is a large open door here.
Blink to where?
Press: ? - help, Dir - move target
As you read the scroll of blinking, it crumbles to dust.
You reach down and open the door.
There is an open door here.
You reach down and close the door.
You start resting.
Your magical contamination has completely faded away.
You start resting.
Something unseen opens the door.
You reach down and close the door.
Something unseen opens the door.
You reach down and close the door.
Something unseen opens the door.
You reach down and close the door.
Something unseen opens the door.
You reach down and close the door.
Something unseen opens the door.
You reach down and close the door.
Something unseen breaks down the door.
Casting: Iron Shot (mildly dangerous; 1% risk of failure)
Confirm with . or Enter, or press ? or * to list all spells.
Aiming: Fulminant Prism (safe; 0% risk of failure)
Press: ? - help, Dir - move target You conjure a prism of explosive energy!
* * * LOW HITPOINT WARNING * * *
A fulminant prism comes into view.
Unknown command.
Aiming: Iron Shot (mildly dangerous; 1% risk of failure)
Press: ? - help, Q - select action, (/) - cycle Shift-Dir - straight line, f - fulminant prism
Aim: a fulminant prism (friendly, 100% to hit)
Really fire at your fulminant prism?
Okay, then.
Aiming: Iron Shot (mildly dangerous; 1% risk of failure)
Press: ? - help, Q - select action, (/) - cycle Shift-Dir - straight line, p - fulminant prism
Okay, then.
Unknown command.
Casting: Iron Shot (mildly dangerous; 1% risk of failure)
Confirm with . or Enter, or press ? or * to list all spells.
You erupt in a blast of force!
The mystic blast hits the orc warlord!!
The orc warlord is lightly wounded.
The orc warlord is knocked back by the mystic blast.
The orc warlord slams into the stone wall!
The orc warlord is lightly wounded.
* * * LOW HITPOINT WARNING * * *
You hear a shout!
Your fulminant prism crackles loudly.
Aiming: Iron Shot (mildly dangerous; 1% risk of failure)
Press: ? - help, Q - select action, (/) - cycle Shift-Dir - straight line, f - orc warlord, p - fulminant prism
Aim: an orc warlord, wielding a +0 war axe and wearing a +2 chain mail of cold resistance (lightly wounded, ally target, 84% to hit)
Okay, then.
Aiming: Iron Shot (mildly dangerous; 1% risk of failure)
Press: ? - help, Q - select action, (/) - cycle Shift-Dir - straight line, f - orc warlord, p - fulminant prism
Aim: an orc warlord, wielding a +0 war axe and wearing a +2 chain mail of cold resistance (lightly wounded, ally target, 84% to hit)
The iron shot hits the orc warlord!!
The orc warlord is moderately wounded.
* * * LOW HITPOINT WARNING * * *
The orc warlord unwields a +0 war axe.
The orc warlord wields a +0 arbalest.
The orc warlord shoots a bolt.
The bolt hits you!!
You die...

Skill      XL: |  1  2  3  4  5  6  7  8  9 10 11 12 13 14 15 16 17 18 19 20 21 22 |
---------------+-------------------------------------------------------------------+-----
Fighting       | 1 2 3 5 6 7 9 10 11 12 13 14 15 16 | 16.4
Stealth        | 2 4 5 6 8 9 10 | 10.0
Spellcasting   | 4 5 6 7 9 10 11 13 14 16 17 18 19 20 | 20.5
Dodging        | 3 5 7 9 10 11 13 15 16 17 18 | 18.0
Armour         | 2 5 |  5.0
Evocations     | 2 6 8 9 10 11 12 | 12.0
Shields        | 4 6 8 9 10 11 12 | 12.3

Action                     |  1- 3 |  4- 6 |  7- 9 | 10-12 | 13-15 | 16-18 | 19-21 | 22-24 || total
---------------------------+-------+-------+-------+-------+-------+-------+-------+-------++-------
  Melee: Demon trident     |       |       |    23 |    27 |   412 |   105 |     1 |       ||   568
         War axe           |       |       |       |       |       |       |    24 |       ||    24
  Throw: Dart              |       |       |       |       |       |       |    13 |       ||    13
         Throwing net      |       |       |       |       |       |       |     3 |       ||     3
   Cast: Magic Dart        |    33 |    14 |    11 |     1 |     3 |       |       |       ||    62
         Searing Ray       |    15 |    32 |    42 |    48 |    18 |       |       |       ||   155
         Summon Small Mamm |       |     1 |       |       |     2 |     1 |     1 |       ||     5
         Fulminant Prism   |       |       |    30 |   138 |   113 |   120 |     3 |     1 ||   405
         Cause Fear        |       |       |       |     1 |     1 |       |       |       ||     2
         Iskenderun's Myst |       |       |       |     6 |   103 |   287 |    69 |     6 ||   471
         Freezing Cloud    |       |       |       |       |    87 |   161 |   124 |     5 ||   377
         Simulacrum        |       |       |       |       |     4 |    11 |     4 |     2 ||    21
         Scorch            |       |       |       |       |       |     3 |       |       ||     3
         Iron Shot         |       |       |       |       |       |       |   411 |    59 ||   470
         Conjure Ball Ligh |       |       |       |       |       |       |     6 |       ||     6
  Evoke: Phantom mirror    |       |       |       |       |       |       |     1 |       ||     1
    Use: Scroll            |       |     5 |     4 |     5 |     8 |     1 |     2 |     1 ||    26
         Potion            |       |       |       |       |     2 |       |       |     2 ||     4
   Stab: Sleeping          |       |       |       |       |     4 |     5 |     1 |       ||    10
         Distracted        |       |       |       |       |     1 |       |       |       ||     1
 Armour: Robe              |     2 |     1 |       |    10 |    35 |     2 |       |       ||    50
         Leather armour    |       |       |    10 |     5 |       |    37 |    12 |       ||    64
         Scale mail        |       |       |       |       |       |     6 |       |       ||     6
  Dodge: Dodged            |     1 |    13 |    26 |    77 |   374 |   217 |   134 |    14 ||   856
         Repelled          |       |       |       |       |       |       |     9 |       ||     9
  Block: Other             |       |       |       |    15 |       |       |       |       ||    15
         Reflection        |       |       |       |     9 |     8 |    12 |    66 |    11 ||   106
         Buckler           |       |       |       |    10 |   220 |    22 |       |       ||   252
         Kite shield       |       |       |       |       |       |   257 |   169 |    27 ||   453

Levels and vault maps discovered:
D:1:      ncdulo_halloftheorcs, layout_basic,
          hellmonk_ecumenical_altar_dog_temple
D:2:      layout_loops_cross, chequers_serial_rivers_micro_d,
          minmay_misc_feat_square
D:3:      layout_rooms, mainiacjoe_overflow_alcove_2, dk_noncrumbling_4,
          uniq_robin
D:4:      layout_loops_cross, serial_shops, nicolae_shop_just_a_little_nook,
          dreamdust_gnoll_farm, uniq_pikel
D:5:      layout_basic, minmay_misc_feat_plants, grunt_ministairs_14
D:6:      layout_basic
D:7:      layout_basic, gammafunk_temple_overflow_pools,
          minmay_temple_entry_slanted
D:8:      layout_loops_ring, gammafunk_ghost_cemetery, uniq_amaemon
D:9:      layout_rooms, cheibrodos_ashenzari_chains, hellmonk_lair_entry_icy,
          orc_0_dummy, uniq_erica
D:10:     layout_irregular_city, nicolae_uskayaw_dance_studio,
          lemuel_crystal_altar, nicolae_shop_clearance, uniq_nergalle
D:11:     layout_basic, nicolae_sif_muna_condensation
D:12:     cheibrodos_statue_roulette, layout_loops_ring, serial_shops,
          nicolae_shop_rolling_square, hangedman_ru_absence
D:13:     layout_cave_pods, zin_academy
D:14:     minmay_ornate_pinched, layout_basic, erik_vaults_2, xom_teletrap_fun,
          portal_ice_cave_entry_ice_statue_two, uniq_nessos
D:15:     hangedman_depths_entry_try_elsewhere_first, layout_loops_ring,
          nicolae_vehumet_radiance, st_stairs_8, grunt_decor_mini_mirrors
Temple:   nicolae_temple_slightly_damp_pantheon
Lair:1:   layout_cave_pods, grunt_megastairs_2
Lair:2:   wad_woods_minihive, layout_chaotic_city,
          gammafunk_ghost_abyssal_escape, infiniplex_staircase_pool
Lair:3:   layout_regular_city, nicolae_shoals_entry_roost, spider_nest_entry_a,
          beast_lair_carwin_7, serial_bayou_shore_b, infiniplex_staircase_pool_2
Lair:4:   layout_layer_cave
Lair:5:   evil_forest, layout_gridlike, minmay_slime_entry_oklob_open,
          basic_altar
Shoals:1: layout_shoals, serial_shops, nicolae_take_the_stairs,
          nicolae_shoals_c_island
Shoals:2: cheibrodos_shoals_gigantism, layout_shoals
Shoals:3: argonaut_golden_fleece, layout_shoals, uniq_ilsuiw, uniq_polyphemus
Shoals:4: shoals_end_grunt_ice, layout_shoals, shoal_ilsuiw, serial_shops, shop
Spider:1: nicolae_spider_hilbert_zone_1 [nicolae_spider_hilbert_4_sides_1_open,
          nicolae_spider_hilbert_4_sides_1_open,
          nicolae_spider_hilbert_4_sides_1_open,
          nicolae_spider_hilbert_4_sides_1_open,
          nicolae_spider_hilbert_3_sides_1_open,
          nicolae_spider_hilbert_3_sides_1_open,
          nicolae_spider_hilbert_3_sides_1_open,
          nicolae_spider_hilbert_3_sides_1_open,
          nicolae_spider_hilbert_3_sides_1_open,
          nicolae_spider_hilbert_6_sides_1_open,
          nicolae_spider_hilbert_6_sides_1_open,
          nicolae_spider_hilbert_3_sides_1_open,
          nicolae_spider_hilbert_3_sides_1_open,
          nicolae_spider_hilbert_3_sides_1_open,
          nicolae_spider_hilbert_3_sides_1_open,
          nicolae_spider_hilbert_2_sides_1_open]
Spider:2: nicolae_spider_obnoxious_hallway
Spider:3: layout_chambers
Spider:4: grunt_spider_rune_circles, nicolae_spider_bug_shape
Orc:1:    layout_diamond_mine, serial_shops, nicolae_square_shop,
          nicolae_shop_rolling_square, hellmonk_bongcloud_opening
Orc:2:    st_orc_town, layout_diamond_mine, serial_shops, nicolae_shop_crystal
Elf:1:    eino_elf_arrival_shootout, layout_rooms, minmay_elf_sorcery,
          nicolae_elf_vaults_five_recruitment_drive, minmay_shop_star
Elf:2:    nicolae_elf_blades_splatter_lattice [mumra_blade_entry_bloodbath],
          layout_geoelf_octagon, serial_shops, shop, nicolae_shop_drivethru,
          nicolae_shop_tiny_real_fake_doors, shop_coins,
          nicolae_shop_tiny_glass, hangedman_elven_pyramids, uniq_louise
Elf:3:    grunt_elf_hall_diamonds, layout_gridlike, basic_altar,
          minmay_the_grid_2x2 [minmay_the_grid_outer_circle,
          minmay_the_grid_diamond_grid, minmay_the_grid_tiny_cups,
          minmay_the_grid_prize_diamond_cup], uniq_mara
Vaults:1: nicolae_vaults_what_the_h, nicolae_vaults_offset_grid_hallway_2,
          nicolae_vaults_double_plus_2, nicolae_vaults_shrinking_rooms_1,
          vaults_room_pool, ontoclasm_vaults_twist,
          nicolae_vaults_storage_closets_2, nicolae_vaults_library_corner,
          hangedman_vaults_cutoff, v_rooms_4, nicolae_vaults_alarming,
          vaults_room_grid, nicolae_vaults_house_3, layout_vaults_maze_snakey

Notes
Turn   | Place    | Note
-------+----------+-------------------------------------------
     0 | D:1      | scionoferis the Djinni Conjurer began the quest for the
                  | Orb.
     0 | D:1      | scionoferis set off with the following spells memorised:
                  | Magic Dart, Searing Ray, Dazzling Flash, Fulminant Prism,
                  | Iskenderun's Mystic Blast.
     0 | D:1      | Reached XP level 1. HP: 15/15 MP: 0/0
   169 | D:1      | Reached XP level 2. HP: 22/22 MP: 0/0
   485 | D:1      | Reached XP level 3. HP: 24/26 MP: 0/0
   485 | D:1      | Learned a level 1 spell: Summon Small Mammal
   532 | D:1      | Reached skill level 1 in Fighting
   532 | D:1      | Reached skill level 2 in Stealth
   809 | D:1      | Found a faded altar of an unknown god.
  1605 | D:2      | Reached XP level 4. HP: 30/32 MP: 0/0
  2055 | D:3      | Noticed Robin
  2074 | D:3      | Killed Robin
  2075 | D:3      | Reached skill level 4 in Spellcasting
  2190 | D:3      | Upgraded the game from 0.31-a0-18-gea43df2a32 to
                  | 0.31-a0-23-gcbde74481b
  2337 | D:3      | Found a white marble altar of Elyvilon.
  2603 | D:4      | Reached skill level 2 in Fighting
  2603 | D:4      | Reached XP level 5. HP: 33/38 MP: 0/0
  2603 | D:4      | Learned a level 2 spell: Scorch
  2745 | D:4      | Reached XP level 6. HP: 40/44 MP: 0/0
  2760 | D:4      | Reached skill level 3 in Stealth
  2991 | D:4      | Noticed Pikel
  3006 | D:4      | Killed Pikel
  3007 | D:4      | Reached skill level 3 in Fighting
  3007 | D:4      | Reached skill level 4 in Stealth
  3007 | D:4      | Reached skill level 5 in Spellcasting
  3007 | D:4      | Reached XP level 7. HP: 36/51 MP: 0/0
  3007 | D:4      | Learned a level 2 spell: Lesser Beckoning
  3007 | D:4      | Reached XP level 8. HP: 41/58 MP: 0/0
  3225 | D:4      | Found Leth's Distillery.
  3262 | D:4      | Reached skill level 4 in Fighting
  3501 | D:5      | Entered Level 5 of the Dungeon
  3604 | D:5      | Reached skill level 6 in Spellcasting
  3810 | D:5      | Reached skill level 3 in Dodging
  4658 | D:6      | Identified a scroll of acquirement
  4686 | D:6      | Reached skill level 5 in Fighting
  4686 | D:6      | Reached XP level 9. HP: 59/65 MP: 0/0
  4686 | D:6      | Learned a level 4 spell: Cause Fear
  4712 | D:6      | Reached skill level 4 in Dodging
  5404 | D:6      | Reached skill level 7 in Spellcasting
  5674 | D:7      | Noticed a troll
  5683 | D:7      | Killed a troll
  5726 | D:7      | Reached skill level 5 in Dodging
  5887 | D:7      | Found a staircase to the Ecumenical Temple.
  5897 | Temple   | Entered the Ecumenical Temple
  6097 | Temple   | Became a worshipper of Makhleb the Destroyer
  6154 | D:7      | Reached skill level 6 in Fighting
  6319 | D:7      | HP: 6/66 [wight/+2 hand axe of freezing (9)]
  6682 | D:7      | Found an opulent altar of Gozag.
  6683 | D:7      | Found a stormy altar of Qazlal.
  6776 | D:7      | Reached XP level 10. HP: 69/73 MP: 0/0
  6918 | D:4      | Bought a potion of lignification for 42 gold pieces
  6918 | D:4      | Bought a potion of degeneration for 14 gold pieces
  6918 | D:4      | Bought a potion of heal wounds for 70 gold pieces
  6918 | D:4      | Bought a potion of curing for 42 gold pieces
  6923 | D:4      | Bought a potion of resistance for 140 gold pieces
  7037 | D:8      | Reached skill level 8 in Spellcasting
  7283 | D:8      | Found a runed translucent gate.
  7283 | D:8      | Found a runed translucent gate.
  7283 | D:8      | Found a runed translucent gate.
  7284 | D:8      | Noticed smokinjp's ghost (novice OgHW)
  7285 | D:8      | Noticed bande's ghost (novice GrFi)
  7439 | D:8      | Reached skill level 6 in Dodging
  7617 | D:8      | Reached * piety under Makhleb
  7749 | D:8      | Reached skill level 7 in Fighting
  7925 | D:8      | Noticed an orange demon
  7931 | D:8      | Killed an orange demon
  7970 | D:8      | Noticed Amaemon
  7998 | D:8      | Killed Amaemon
  7999 | D:8      | Reached skill level 7 in Dodging
  8496 | D:9      | Found a broken altar of Ashenzari.
  8496 | D:9      | Identified a +2 robe of the Archmagi
  8550 | D:9      | Reached skill level 9 in Spellcasting
  8626 | D:9      | Noticed Erica
  8715 | D:9      | Noticed a rime drake
  8885 | D:9      | Killed Erica
  8886 | D:9      | Reached XP level 11. HP: 69/81 MP: 0/0
  8886 | D:9      | Learned a level 5 spell: Silence
  9017 | D:9      | Reached skill level 8 in Fighting
  9024 | D:9      | Reached skill level 8 in Dodging
  9326 | D:9      | Found a staircase to the Lair.
  9514 | D:9      | Found a staircase to the Orcish Mines.
  9671 | D:4      | Bought a potion of brilliance for 56 gold pieces
  9671 | D:4      | Bought a potion of cancellation for 112 gold pieces
  9800 | D:10     | Entered Level 10 of the Dungeon
  9810 | D:10     | Noticed Nergalle
  9826 | D:10     | Killed Nergalle
  9827 | D:10     | Reached skill level 10 in Spellcasting
 10020 | D:10     | Reached ** piety under Makhleb
 10486 | D:10     | Reached skill level 9 in Dodging
 10721 | D:10     | Found Mylaefot's CLEARANCE SALE!.
 10729 | D:10     | Bought a scroll of identify for 10 gold pieces
 10729 | D:10     | Bought a scroll of fear for 20 gold pieces
 10956 | D:10     | Found a hide-covered altar of Uskayaw.
 10960 | D:10     | Reached skill level 9 in Fighting
 11133 | D:8      | Killed bande's ghost
 11137 | D:8      | Killed smokinjp's ghost
 11138 | D:8      | Reached XP level 12. HP: 41/89 MP: 0/0
 11468 | D:11     | Noticed a two-headed ogre
 11506 | D:11     | Killed a two-headed ogre
 11640 | D:11     | Noticed a two-headed ogre
 11649 | D:11     | Killed a two-headed ogre
 11650 | D:11     | Reached skill level 11 in Spellcasting
 12437 | D:11     | Reached *** piety under Makhleb
 12717 | D:11     | Noticed a skeletal warrior
 12736 | D:11     | Noticed a skeletal warrior
 12743 | D:11     | Noticed a skeletal warrior
 12745 | D:11     | Noticed a skeletal warrior
 12746 | D:11     | Killed a skeletal warrior
 12747 | D:11     | Reached skill level 10 in Dodging
 12747 | D:11     | Noticed a skeletal warrior
 12752 | D:11     | Killed a skeletal warrior
 12752 | D:11     | Killed a skeletal warrior
 12753 | D:11     | Reached skill level 10 in Fighting
 12753 | D:11     | Reached skill level 1 in Armour
 12753 | D:11     | Reached skill level 1 in Evocations
 12762 | D:11     | Killed a skeletal warrior
 12767 | D:11     | Killed a skeletal warrior
 12887 | D:11     | Reached skill level 2 in Armour
 12887 | D:11     | Reached skill level 2 in Evocations
 13191 | D:11     | Noticed a two-headed ogre
 13210 | D:11     | Killed a two-headed ogre
 13305 | D:12     | Reached XP level 13. HP: 92/96 MP: 0/0
 13305 | D:12     | Learned a level 5 spell: Freezing Cloud
 13380 | D:12     | Reached skill level 3 in Armour
 13380 | D:12     | Reached skill level 3 in Evocations
 13535 | D:12     | Identified the +1 battleaxe of the Imbibing Gods {heavy,
                  | rCorr Int+4}
 13548 | D:12     | Reached skill level 12 in Spellcasting
 13696 | D:12     | Found Qanic's General Store.
 13702 | D:12     | Bought a scroll of identify for 22 gold pieces
 14051 | D:12     | Reached skill level 4 in Armour
 14051 | D:12     | Reached skill level 4 in Evocations
 14203 | D:12     | Found a sacrificial altar of Ru.
 14329 | D:12     | Reached **** piety under Makhleb
 14938 | D:4      | Bought a potion of might for 56 gold pieces
 15208 | D:10     | Bought a +5 ring of evasion for 180 gold pieces
 15254 | Lair:1   | Entered Level 1 of the Lair of Beasts
 15429 | Lair:1   | You are sucked into a shaft and drop 1 floor!
 15703 | Lair:1   | Reached skill level 5 in Armour
 15703 | Lair:1   | Reached skill level 5 in Evocations
 16052 | Lair:1   | Reached skill level 13 in Spellcasting
 16061 | Lair:1   | Reached skill level 6 in Evocations
 16247 | Lair:1   | Reached ***** piety under Makhleb
 16616 | Lair:2   | Reached XP level 14. HP: 103/103 MP: 0/0
 16962 | Lair:2   | Reached skill level 7 in Evocations
 17121 | Lair:2   | Found a transporter.
 17136 | Lair:2   | Noticed Nabski's ghost (journeyman TeFE)
 17137 | Lair:2   | Found a transporter.
 17137 | Lair:2   | Found a one-way gate to the infinite horrors of the Abyss.
 17834 | Lair:3   | Upgraded the game from 0.31-a0-23-gcbde74481b to
                  | 0.31-a0-37-g98a128e1d9
 18169 | Lair:3   | Found a staircase to the Shoals.
 18489 | Lair:3   | Reached skill level 5 in Stealth
 18660 | Lair:3   | Found a hole to the Spider Nest.
 19359 | Lair:4   | Reached skill level 14 in Spellcasting
 19683 | Lair:4   | Reached ****** piety under Makhleb
 19684 | Lair:4   | Reached skill level 8 in Evocations
 19886 | Lair:4   | Reached XP level 15. HP: 107/109 MP: 0/0
 19886 | Lair:4   | Learned a level 6 spell: Simulacrum
 20938 | Lair:5   | Entered Level 5 of the Lair of Beasts
 21041 | Lair:5   | Reached skill level 11 in Dodging
 21252 | Lair:5   | Found a staircase to the Slime Pits.
 21474 | Lair:5   | Reached skill level 11 in Fighting
 21489 | Lair:5   | Reached skill level 6 in Stealth
 22066 | Lair:5   | Found an opulent altar of Gozag.
 22223 | Lair:5   | Found a burning altar of Makhleb.
 22231 | Lair:5   | Found a gateway to Hell.
 22238 | Lair:5   | Identified the amulet of Uskayaw's Delight {Faith rF+ rN+++
                  | Dex-2}
 22665 | Orc:1    | Entered Level 1 of the Orcish Mines
 22784 | Orc:1    | Found Tilifyo's Antique Armour Shoppe.
 22914 | Orc:1    | Found Dare's Distillery.
 23168 | Orc:2    | Entered Level 2 of the Orcish Mines
 23516 | Orc:2    | Found Siloz's Antique Weapon Boutique.
 23531 | Orc:2    | Found Humneamn's Antique Armour Shoppe.
 23646 | Orc:2    | Reached skill level 9 in Evocations
 23715 | Orc:2    | Found a staircase to the Elven Halls.
 23785 | Orc:2    | Found Alior's Antique Weapon Shoppe.
 24108 | Orc:2    | Found Potux's Weapon Boutique.
 24108 | Orc:2    | Found Daquday's Antique Weapon Shoppe.
 24311 | Orc:2    | Bought a faintly humming scale mail for 207 gold pieces
 24311 | Orc:2    | Identified the +0 scale mail of the Lost Path {rC+ rN+
                  | Str-3 Int+2} (You bought it in a shop on level 2 of the
                  | Orcish Mines)
 24311 | Orc:2    | Bought a glowing scarf for 184 gold pieces
 24385 | Orc:1    | Bought a dyed leather armour for 165 gold pieces
 24387 | Orc:1    | Acquired a manual of Spellcasting
 24763 | D:13     | Reached XP level 16. HP: 75/117 MP: 0/0
 24769 | D:13     | Reached skill level 15 in Spellcasting
 24944 | D:13     | Reached skill level 1 in Shields
 25013 | D:13     | Found a glowing silver altar of Zin.
 25123 | D:13     | Reached skill level 7 in Stealth
 25257 | D:13     | Reached skill level 12 in Dodging
 25669 | D:14     | Found a frozen archway.
 25685 | D:14     | Noticed Nessos
 25689 | D:14     | Killed Nessos
 25690 | D:14     | Reached skill level 2 in Shields
 25832 | IceCv    | Entered an ice cave
 26164 | IceCv    | Identified the +1 hat of Tartarus {rElec rN++ Will- SInv}
 26198 | IceCv    | Reached skill level 3 in Shields
 26201 | IceCv    | Reached skill level 12 in Fighting
 26428 | IceCv    | Noticed a lich
 26438 | IceCv    | Killed a lich
 26959 | D:14     | Reached skill level 13 in Dodging
 26959 | D:14     | Reached skill level 16 in Spellcasting
 27266 | D:14     | Reached skill level 4 in Shields
 27274 | D:14     | Found a shimmering altar of Xom.
 27659 | D:14     | Found a gate to the Vaults.
 27671 | D:14     | Reached skill level 8 in Stealth
 27674 | D:14     | Reached XP level 17. HP: 125/125 MP: 0/0
 27674 | D:14     | Learned a level 6 spell: Conjure Ball Lightning
 28084 | D:15     | Entered Level 15 of the Dungeon
 28532 | D:15     | Identified the +7 war axe "Sothepp" {vamp, rElec Will+}
 28542 | D:15     | Found a staircase to the Depths.
 28853 | D:15     | Reached skill level 5 in Shields
 29187 | Spider:1 | Entered Level 1 of the Spider Nest
 29614 | Spider:1 | Reached skill level 14 in Dodging
 29856 | Spider:1 | Reached skill level 17 in Spellcasting
 31596 | Spider:2 | Reached skill level 6 in Shields
 31700 | Spider:2 | Reached skill level 13 in Fighting
 31713 | Spider:2 | Reached skill level 9 in Stealth
 32047 | Spider:2 | Reached skill level 15 in Dodging
 32048 | Spider:2 | Reached XP level 18. HP: 132/132 MP: 0/0
 32994 | Spider:3 | Reached skill level 7 in Shields
 33797 | Spider:3 | Reached skill level 18 in Spellcasting
 34104 | Spider:4 | Entered Level 4 of the Spider Nest
 34687 | Spider:4 | Reached skill level 10 in Stealth
 34973 | Spider:4 | Reached skill level 8 in Shields
 35016 | Spider:4 | Reached skill level 14 in Fighting
 35024 | Spider:4 | Reached XP level 19. HP: 39/140 MP: 0/0
 35024 | Spider:4 | Learned a level 6 spell: Iron Shot
 35287 | Spider:4 | Identified a scarf of resistance
 35314 | Spider:4 | Got a gossamer rune of Zot
 35980 | Shoals:1 | Entered Level 1 of the Shoals
 36121 | Shoals:1 | Identified the +9 mace "Loneohuc" {heavy, rN+}
 36343 | Shoals:1 | Found Kagiedi's Assorted Antiques.
 36379 | Shoals:1 | Found Wosa's Assorted Antiques.
 37073 | Shoals:2 | Noticed a titan
 37170 | Shoals:2 | Killed a titan
 37324 | Shoals:2 | Reached skill level 9 in Shields
 38243 | Shoals:3 | Identified the amulet of Butchery {Regen+ MP+9 Stlth+}
 38909 | Shoals:3 | Reached skill level 16 in Dodging
 39072 | Shoals:3 | Identified the +1 animal skin "Ixkig" {rF- rC+++}
 39139 | Shoals:3 | Noticed Polyphemus
 39147 | Shoals:3 | Noticed Ilsuiw
 39153 | Shoals:3 | Killed Polyphemus
 39154 | Shoals:3 | Reached skill level 19 in Spellcasting
 39159 | Shoals:3 | Killed Ilsuiw
 39555 | Shoals:4 | Entered Level 4 of the Shoals
 39731 | Shoals:4 | Reached skill level 10 in Evocations
 39783 | Shoals:4 | Reached XP level 20. HP: 102/148 MP: 0/0
 40101 | Shoals:4 | Got a barnacled rune of Zot
 40126 | Shoals:4 | Reached skill level 15 in Fighting
 40210 | Shoals:4 | Reached skill level 10 in Shields
 40856 | Shoals:4 | Identified the +0 robe "Leushruob" {rF++}
 41025 | Shoals:4 | Identified the amulet "Calupy" {Spirit Rampage Will+ Int-2
                  | Stlth+}
 41532 | Shoals:4 | Found Doolaacit's Armour Boutique.
 41812 | Lair:2   | Killed Nabski's ghost
 42172 | Elf:1    | Entered Level 1 of the Elven Halls
 42964 | Elf:1    | Found Levuff's Armour Shop.
 42968 | Elf:1    | Found Muaskape's Weapon Boutique.
 42969 | Elf:1    | Found Fiehour's Antique Armour Shop.
 42976 | Elf:1    | Bought a steaming robe for 159 gold pieces
 42976 | Elf:1    | Identified the +2 robe of the Ant {Regen+ rCorr Stlth+}
                  | (You bought it in a shop on level 1 of the Elven Halls)
 42981 | Elf:1    | Bought a +0 cloak of willpower for 149 gold pieces
 43845 | Elf:2    | Found Toywk's Assorted Antiques.
 43879 | Elf:2    | Reached skill level 11 in Evocations
 43984 | Elf:2    | Found a transporter.
 43986 | Elf:2    | Found Laollink's Antique Armour Emporium.
 43993 | Elf:2    | Found a transporter.
 44089 | Elf:2    | Found Waqiadaa's Book Emporium.
 44098 | Elf:2    | Found Ufied's Antique Armour Boutique.
 44130 | Elf:2    | Reached skill level 17 in Dodging
 44210 | Elf:2    | Reached XP level 21. HP: 156/156 MP: 0/0
 44210 | Elf:2    | Learned a level 8 spell: Infestation
 44210 | Elf:2    | Found Cyijiaji's Magic Scroll Emporium.
 44477 | Elf:2    | Noticed Louise
 44491 | Elf:2    | Killed Louise
 44579 | Elf:2    | Found a runed translucent gate.
 44580 | Elf:2    | Identified the +5 dagger "Jojuffoi" {pain, Dex+3}
 44602 | Elf:2    | Found a runed translucent gate.
 44602 | Elf:2    | Found a runed translucent gate.
 44672 | Elf:3    | Entered Level 3 of the Elven Halls
 44776 | Elf:3    | Reached skill level 11 in Shields
 45138 | Elf:3    | Identified the +6 rapier of the Present {flame, rF+++ Will+
                  | Str-2 Int-2}
 45138 | Elf:3    | Identified the ring of Huyrgh {Ice Will+ Str+4 Int-4}
 45929 | Elf:2    | Bought a shimmering leather armour for 224 gold pieces
 45929 | Elf:2    | Identified the +1 leather armour of Bedevilment {rCorr
                  | Str+3 Dex-4 Stlth+} (You bought it in a shop on level 2 of
                  | the Elven Halls)
 45929 | Elf:2    | Bought an ichor-stained ring mail for 288 gold pieces
 45929 | Elf:2    | Identified the +3 ring mail of Ninozun {Harm rElec} (You
                  | bought it in a shop on level 2 of the Elven Halls)
 46366 | Elf:3    | Identified the +5 spear of Totin {speed, Str+5}
 46379 | Elf:3    | Reached skill level 20 in Spellcasting
 46677 | Elf:3    | Noticed Mara
 46704 | Elf:3    | Noticed scionoferis's illusion
 46719 | Elf:3    | Killed Mara
 46722 | Elf:3    | Reached skill level 18 in Dodging
 46985 | Elf:3    | Reached skill level 16 in Fighting
 47029 | Elf:3    | Identified the +2 leather armour of Pride {Harm Will+ rCorr
                  | Dex-3}
 47491 | Elf:3    | Identified the staff of death "Rebiakad" {rC+ rN+ Int+4
                  | Dex+2}
 47749 | Elf:2    | Reached skill level 12 in Evocations
 47873 | Elf:2    | Reached XP level 22. HP: 131/164 MP: 0/0
 48116 | Elf:2    | Reached skill level 12 in Shields
 48873 | Vaults:1 | Entered Level 1 of the Vaults
 49053 | Vaults:1 | HP: 4/165 [lich/bolt of cold (25)]
 49127 | Vaults:1 | Shot with a bolt by an orc warlord

Vanquished Creatures
  A titan (Shoals:2)
  A lich (IceCv)
  A deep elf blademaster (Elf:3)
  2 deep elf master archers (Elf:3)
  Polyphemus (Shoals:3)
  Ilsuiw (Shoals:3)
  2 frost giants (Shoals:2 Shoals:4)
  8 emperor scorpions (Spider:1 Spider:2 Spider:3 Spider:4)
  5 ghost moths (Spider:1 Spider:2 Spider:3 Spider:4)
  8 deep elf sorcerers (Elf:1 Elf:3)
  Louise (Elf:2)
  2 deep elf elementalists (Elf:3)
  An ironbound preserver (Vaults:1)
  3 broodmothers (Spider:1 Spider:2 Spider:4)
  A stone giant (Shoals:2)
  2 very ugly things (IceCv)
  An ironbound thunderhulk (Vaults:1)
  6 deep elf demonologists (Elf:3)
  Nessos (D:14)
  13 deep elf annihilators (Elf:1 Elf:3)
  A dire elephant (D:15)
  A spark wasp (Spider:4)
  3 merfolk javelineers (Shoals:2 Shoals:4)
  7 deep elf death magi (Elf:3)
  11 merfolk impalers (Shoals:3 Shoals:4)
  2 entropy weavers (Spider:2)
  2 deep elf high priests (Elf:3)
  12 vault guards (D:14 Elf:1)
  A rakshasa (D:15)
  A yaktaur captain (Vaults:1)
  The ghost of Nabski the Devastator, a journeyman TeFE of Vehumet (Lair:2)
  6 hydras (Lair:2 Lair:4 Lair:5 D:13 D:15)
  2 ice dragons (Shoals:3)
  A catoblepas (Shoals:3)
  3 caustic shrike simulacra (IceCv)
  An ogre mage (D:15)
  5 two-headed ogres (D:11 D:15)
  A hell beast (Lair:5)
  3 death knights (D:13 D:14 D:15)
  4 jorogumos (Spider:2 Spider:4)
  2 merfolk avatars (Shoals:2 Shoals:3)
  8 centaur warriors (D:13 D:14 D:15 Shoals:1)
  2 radroaches (Spider:2 Spider:3)
  Erica (D:9)
  23 dancing weapons (Elf:1 Elf:2 Elf:3)
  5 merfolk aquamancers (Shoals:1 Shoals:4)
  3 boulder beetles (D:13 Spider:2 Spider:3)
  9 death yaks (Lair:2 Lair:5 Shoals:3)
  A satyr (Shoals:2)
  3 alligator snapping turtles (Shoals:2 Shoals:4)
  2 tengu warriors (D:12 D:14)
  A hell hog (Lair:2)
  A death scarab (Spider:4)
  3 orc high priests (Elf:1 Elf:2 Elf:3)
  16 deep elf knights (Elf:1 Elf:2 Elf:3)
  The ghost of smokinjp the Ogre Mage, a novice OgHW of Sif Muna (D:8)
  Amaemon (D:8)
  Nergalle (D:10)
  The ghost of bande the Cleaver, a novice GrFi of Okawaru (D:8)
  6 pharaoh ants (Spider:2 Spider:3 Spider:4)
  4 skysharks (Lair:4 Shoals:2)
  5 deep trolls (Vaults:1)
  4 sun moths (Spider:1 Spider:3 Spider:4)
  A death drake (shapeshifter) (Elf:3)
  5 skeletal warriors (D:11)
  7 sea snakes (Shoals:1 Shoals:2 Shoals:3 Shoals:4)
  2 bog bodies (IceCv)
  A sea snake (shapeshifter) (Elf:2)
  An obsidian statue (IceCv)
  8 orb spiders (Spider:1 Spider:2 Spider:4)
  8 steelbarb worms (Spider:2 Spider:3 Spider:4)
  Pikel (D:4)
  18 deep elf archers (D:14 Elf:1 Elf:2 Elf:3)
  8 orc knights (Orc:2 D:14 Orc:1)
  2 spriggan simulacra (IceCv)
  21 harpies (Lair:3 Shoals:1 Shoals:2 Shoals:3 Shoals:4)
  2 ironbound convokers (Vaults:1)
  2 necromancers (IceCv Vaults:1)
  A wolf spider (shapeshifter) (Elf:3)
  23 deep elf zephyrmancers (Elf:1 Elf:2 Elf:3)
  3 oklob plants (Lair:5)
  40 deep elf pyromancers (D:12 D:14 D:15 Elf:1 Elf:2)
  An orc sorcerer (Elf:3)
  10 fauns (Shoals:2 Shoals:3)
  15 wolf spiders (D:15 Spider:1 Spider:2 Spider:3 Spider:4)
  2 cyclopes (Shoals:2 Shoals:4)
  9 ugly things (D:13 D:14 D:15 Lair:2)
  A salamander (D:15)
  A stone giant skeleton (Vaults:1)
  A moth of wrath (Spider:4)
  18 manticores (D:11 D:13 D:14 D:15 Shoals:1)
  2 ice statues (D:14)
  6 demonic crawlers (Spider:1 Spider:2)
  6 torpor snails (Lair:4 Spider:2 Spider:3 Spider:4)
  16 elephants (Lair:1 Lair:3 Lair:5)
  A smoke demon (Lair:5)
  11 merfolk sirens (Shoals:1 Shoals:2 Shoals:3 Shoals:4)
  A black mamba (Lair:1)
  8 water nymphs (Shoals:1 Shoals:2 Shoals:4)
  2 vault sentinels (Vaults:1)
  10 cane toads (Lair:3 Lair:4 Lair:5)
  An orange demon (D:8)
  9 komodo dragons (Lair:1 Lair:3 Lair:4 Lair:5)
  7 gargoyles (D:12)
  An unseen horror (D:12)
  A tengu conjurer (D:12)
  4 yaktaurs (Vaults:1)
  5 rime drakes (D:9 Lair:2 Lair:5)
  5 anaconda simulacra (IceCv)
  16 freezing wraiths (IceCv D:15)
  3 ice devils (Lair:5)
  2 golden dragon simulacra (IceCv)
  2 red devils (Lair:5)
  2 meliai (Spider:1 Spider:4)
  2 polar bears (D:9 Lair:1)
  24 merfolk (Shoals:1 Shoals:2 Shoals:3 Shoals:4)
  13 trolls (D:7 D:10 D:11 D:12 Orc:1)
  A wolf spider simulacrum (D:14)
  8 wind drakes (Shoals:1 Shoals:2 Shoals:3 Shoals:4)
  A hornet (shapeshifter) (D:14)
  27 blink frogs (Lair:1 Lair:3 Lair:4 Lair:5)
  A raiju (Lair:2)
  A hornet (Lair:2)
  24 tarantellas (Spider:1 Spider:2 Spider:3 Spider:4)
  5 snapping turtles (Shoals:2 Shoals:4)
  4 dream sheep (Shoals:4)
  2 tarantellas (shapeshifter) (D:14 Elf:2)
  An ettin zombie (Vaults:1)
  6 slime creatures (D:13 D:14)
  18 culicivoras (Spider:1 Spider:2 Spider:3 Spider:4)
  A culicivora (shapeshifter) (Elf:2)
  A spriggan (Lair:2)
  19 jumping spiders (Lair:3 Spider:1 Spider:2 Spider:3 Spider:4)
  18 water elementals (Shoals:1 Shoals:2 Shoals:3 Shoals:4 Elf:3)
  4 air elementals (Elf:1 Elf:2 Elf:3)
  5 wyverns (Lair:2 Lair:5)
  A yak (shapeshifter) (D:14)
  A vampire (D:8)
  5 wraiths (D:8 D:11 D:12 D:13 D:15)
  66 yaks (D:9 D:10 D:11 Lair:1 Lair:2)
  A fire elemental (Elf:2)
  3 dire elephant simulacra (IceCv)
  4 vampire mosquitoes (D:12)
  2 steam dragons (D:8 D:10)
  5 basilisks (Lair:2 Lair:5 D:14)
  61 redbacks (Spider:1 Spider:2 Spider:3 Spider:4)
  A minotaur simulacrum (IceCv)
  9 wargs (Orc:1 Orc:2)
  A human zombie (Vaults:1)
  A harpy simulacrum (IceCv)
  2 hell hounds (Lair:5)
  3 acid dragons (D:11 D:12 D:13)
  14 water moccasins (Lair:1 Lair:2 Lair:4 Lair:5)
  42 orc warriors (D:5 D:8 D:10 D:11 Orc:1)
  A black bear (Lair:4)
  4 ice beasts (D:9)
  3 ettin simulacra (IceCv)
  22 wolves (D:8 D:9 Lair:1 Lair:3 Lair:5)
  3 alligator simulacra (IceCv)
  9 ogres (D:5 Orc:2 Orc:1 D:15)
  22 centaurs (D:7 D:8 D:9 D:10 D:11)
  3 kobold brigands (D:7 D:8 D:10)
  A phantom (D:6)
  10 bullfrogs (D:5 Lair:1 Lair:2 Lair:3 Lair:4)
  A gnoll sergeant (D:10)
  2 earth elementals (Elf:1 Elf:2)
  A glowing shapeshifter simulacrum (Vaults:1)
  2 scorpions (D:5 D:7)
  3 deep troll simulacra (IceCv)
  18 wights (D:6 D:7 D:9 D:8)
  4 lindwurm simulacra (IceCv)
  37 killer bees (D:8 Lair:2)
  13 electric eels (D:11 Lair:2 Lair:5 Spider:2)
  8 howler monkeys (D:4 D:8 D:10 D:12)
  3 jellies (D:4 D:7)
  2 hounds (D:4 D:5)
  12 orc priests (D:12 Orc:1 Elf:2)
  A gnoll bouda (D:9)
  2 sleepcaps (D:6)
  6 iguanas (D:4 D:5 D:7)
  20 orc wizards (D:5 D:8 D:9 D:10 D:11)
  4 hell rats (Lair:2)
  A boggart simulacrum (D:15)
  Robin (D:3)
  23 gnolls (D:4 D:5 D:6 D:9 D:10)
  6 adders (D:4 D:5 D:6)
  A shadow imp (D:8)
  2 white imps (D:5 D:7)
  An ufetubus (D:6)
  2 worms (D:2)
  5 dart slugs (D:1 D:4 D:5)
  85 orcs (D:3 D:4 D:5 D:6 D:8)
  5 ball pythons (D:1 D:3 D:4)
  4 endoplasms (D:1 D:3)
  2 giant cockroaches (D:1 D:4)
  15 goblins (D:1 D:2 D:3 D:4)
  12 hobgoblins (D:1 D:2 D:3)
  8 jackals (D:1 D:4)
  3 quokkas (D:1 D:2 D:4)
  4 bats (D:1 D:3)
  22 kobolds (D:1 D:2 D:4 D:7 D:8)
  2 rats (D:1 D:2)
  A fulminant prism (D:11)
1395 creatures vanquished.

Vanquished Creatures (collateral kills)
  6 emperor scorpions (Spider:1 Spider:4)
  2 ghost moths (Spider:4)
  An ironbound preserver (Vaults:1)
  A spark wasp (Spider:1)
  A yaktaur captain (Vaults:1)
  A merfolk javelineer (Shoals:4)
  An entropy weaver (Spider:2)
  A pharaoh ant (Spider:2)
  A deep troll (Vaults:1)
  An orc knight (Orc:2)
  A steelbarb worm (Spider:2)
  2 moths of wrath (Spider:1 Spider:2)
  2 wolf spiders (Spider:4)
  A demonic crawler (Spider:1)
  2 torpor snails (Spider:1 Spider:2)
  A yaktaur (Vaults:1)
  A wind drake (Shoals:2)
  A merfolk (Shoals:2)
  2 tarantellas (Spider:2)
  A snapping turtle (Shoals:2)
  2 jumping spiders (Spider:2 Spider:4)
  2 culicivoras (Spider:4)
  8 redbacks (Spider:1 Spider:2 Spider:4)
  2 orc warriors (Orc:2)
  3 orcs (Orc:2)
47 creatures vanquished.

Vanquished Creatures (others)
  Mara (Elf:3)
  A deep elf elementalist (Elf:3)
  A deep elf annihilator (Elf:3)
  A wizard (Lair:5)
  An ice devil (Lair:5)
  An orc (D:9)
  17 ball lightnings (Shoals:3 Shoals:4 Elf:1)
  403 fulminant prisms (D:5 D:6 D:7 D:8 D:9)
426 creatures vanquished.

Grand Total: 1868 creatures vanquished

Table legend: (Time is in decaauts)
 A = Elapsed time spent in this place.
 B = Non-inter-level travel time spent in this place.
 C = Inter-level travel time spent in this place.
 D = Time resting spent in this place.
 E = Time spent auto-exploring this place.
 F = Levels seen in this place.
 G = Mean time per level.
                   A        B        C        D        E       F      G
               +--------+--------+--------+--------+--------+-----+--------+
         Total |  49517 |  44565 |   4952 |  11703 |  23610 |  36 | 1375.5 |
       Dungeon |  19124 |  16831 |   2293 |   4007 |   9718 |  15 | 1274.9 |
        Temple |    219 |    169 |     50 |      0 |    151 |   1 |  219.0 |
          Lair |   8371 |   7128 |   1243 |   1199 |   4414 |   5 | 1674.2 |
        Shoals |   5508 |   5209 |    299 |   1492 |   2568 |   4 | 1377.0 |
   Spider Nest |   6667 |   6368 |    299 |   1887 |   3141 |   4 | 1666.8 |
  Orcish Mines |   2415 |   1981 |    434 |    322 |   1011 |   2 | 1207.5 |
   Elven Halls |   5914 |   5582 |    332 |   2183 |   2284 |   3 | 1971.3 |
        Vaults |    253 |    253 |      0 |     84 |     82 |   1 |  253.0 |
      Ice Cave |   1042 |   1042 |      0 |    527 |    240 |   1 | 1042.0 |
               +--------+--------+--------+--------+--------+-----+--------+

Top non-repeatable levels by time:
Spider:1: 2830 daAuts
   Elf:2: 2557 daAuts
   Elf:3: 2273 daAuts
     D:8: 2242 daAuts
    D:11: 2164 daAuts
  Lair:1: 2084 daAuts
  Lair:3: 1737 daAuts
Spider:3: 1690 daAuts
Shoals:3: 1624 daAuts
Shoals:4: 1586 daAuts
  Lair:4: 1581 daAuts
  Lair:5: 1555 daAuts
    D:12: 1535 daAuts
   Orc:2: 1534 daAuts
     D:9: 1470 daAuts

Table legend:
 A = Non-vault XP
 B = Vault XP
 C = Vault XP percentage of total XP
 D = Non-vault monster count
 E = Vault monster count
 F = Vault count percentage of total count
                 A         B        C        D         E       F
            +---------+---------+-------+---------+---------+-------
      Total |  265774 |  261845 |  49.6 |     921 |     525 |  36.3
            +---------+---------+-------+---------+---------+-------
        D:1 |      42 |       8 |  16.0 |      21 |       4 |  16.0
        D:2 |      24 |       0 |   0.0 |      10 |       0 |   0.0
        D:3 |      12 |      38 |  76.0 |       7 |      13 |  65.0
        D:4 |     270 |     764 |  73.9 |      23 |       7 |  23.3
        D:5 |     528 |     145 |  21.5 |      17 |       4 |  19.0
        D:6 |     593 |       0 |   0.0 |      17 |       0 |   0.0
        D:7 |    1485 |       0 |   0.0 |      25 |       0 |   0.0
        D:8 |    1496 |    2971 |  66.5 |      29 |       6 |  17.1
        D:9 |    1232 |    2143 |  63.5 |      23 |       8 |  25.8
       D:10 |    3379 |     871 |  20.5 |      32 |       4 |  11.1
       D:11 |   10577 |       0 |   0.0 |      42 |       0 |   0.0
       D:12 |    5603 |    2066 |  26.9 |      29 |       5 |  14.7
       D:13 |    8609 |       0 |   0.0 |      25 |       0 |   0.0
       D:14 |    5248 |   14335 |  73.2 |      12 |      22 |  64.7
       D:15 |    9586 |    2571 |  21.1 |      18 |       5 |  21.7
     Lair:1 |   10374 |     142 |   1.4 |      42 |       1 |   2.3
     Lair:2 |    8202 |    5840 |  41.6 |      24 |      39 |  61.9
     Lair:3 |    6693 |    3829 |  36.4 |      27 |       9 |  25.0
     Lair:4 |    9228 |       0 |   0.0 |      31 |       0 |   0.0
     Lair:5 |   10225 |    9977 |  49.4 |      40 |      27 |  40.3
   Shoals:1 |   12338 |       0 |   0.0 |      26 |       0 |   0.0
   Shoals:2 |   14958 |    4700 |  23.9 |      28 |       4 |  12.5
   Shoals:3 |   13981 |    9162 |  39.6 |      27 |      11 |  28.9
   Shoals:4 |   16202 |   21673 |  57.2 |      37 |      37 |  50.0
   Spider:1 |    8497 |   12202 |  58.9 |      21 |      19 |  47.5
   Spider:2 |   25555 |    5274 |  17.1 |      59 |      12 |  16.9
   Spider:3 |   14400 |       0 |   0.0 |      41 |       0 |   0.0
   Spider:4 |   14902 |   26578 |  64.1 |      35 |      50 |  58.8
      Orc:1 |    3190 |       0 |   0.0 |      42 |       0 |   0.0
      Orc:2 |    1975 |    8215 |  80.6 |      18 |      58 |  76.3
      Elf:1 |    9816 |   18943 |  65.9 |      20 |      28 |  58.3
      Elf:2 |   18805 |   24620 |  56.7 |      36 |      32 |  47.1
      Elf:3 |   10694 |   56695 |  84.1 |      24 |      57 |  70.4
   Vaults:1 |    7055 |    7955 |  53.0 |      13 |      12 |  48.0
      IceCv |       0 |   20128 | 100.0 |       0 |      51 | 100.0
            +---------+---------+-------+---------+---------+-------
